 Dungeon Crawl Stone Soup version 0.30-a0-241-g1121274140 (webtiles) character file.

Game seed: 2072311896367397321

585837 sleeves the Ruinous (level 26, -13/261 HPs)
             Began as a Demonspawn Cinder Acolyte on Oct 10, 2022.
             Was a High Priest of Ignis.
             Killed from afar by a red draconian scorcher (32 damage)
             ... with damnation
             ... on level 4 of the Realm of Zot on Oct 11, 2022.
             The game lasted 06:00:11 (127920 turns).

sleeves the Ruinous (Demonspawn Cinder Acolyte)   Turns: 127920, Time: 06:00:12

Health: -13/261    AC: 25    Str: 25    XL:     26   Next: 7%
Magic:  32/41      EV: 13    Int: 32    God:    Ignis [*****.]
Gold:   1709       SH:  7    Dex: 10    Spells: 7/54 levels left

rFire   + + +      SeeInvis .    a - +9 quick blade (freeze)
rCold   . . .      Faith    .    E - +1 buckler {AC+3}
rNeg    + + .      Spirit   .    e - +0 fire dragon scales
rPois   +          Reflect  .    T - +1 helmet
rElec   +          Harm     .    (cloak unavailable)
rCorr   .          Rampage  .    l - +1 pair of gloves of Weak Salvation {rC+ rN+ Will+}
Will    ++...                    W - +0 pair of boots
Stlth   ++........               o - amulet of regeneration
HPRegen 1.43/turn                D - ring of Reibue {Drain rElec Str+6 Int+8 Stlth+}
MPRegen 0.27/turn                j - ring of Hifu Atyrch {rN+ Int+4}

@: on berserk cooldown, hasted (expiring), studying 3 skills, very quick
A: slimy green scales 3, powered by death 2, robust 3, demonic magic 3, weakness
stinger 3, dopey 1, fire resistance 1
}: 3/15 runes: serpentine, barnacled, silver
a: Renounce Religion, Fiery Armour, Foxfire Swarm, Rising Flame


You were on level 4 of the Realm of Zot.
You worshipped Ignis.
Ignis was extremely pleased with you.
You visited 11 branches of the dungeon, and saw 50 of its levels.
You also visited: Trove and Wizlab.

You collected 7948 gold pieces.
You spent 6239 gold pieces at shops.

Inventory:

Hand Weapons
 a - a +9 quick blade of freezing (weapon)
   (You took it off a spriggan defender on level 1 of the Depths)
 b - the +7 war axe "Ojuobu" {flame, rC+ Will+ Int+2}
   (You bought it in a shop on level 6 of the Dungeon)

   It burns those it strikes, dealing additional fire damage.
   Big, fiery blades are also staple armaments of hydra-hunters.
   Int:       It affects your intelligence (+2).
   rC:        It protects you from cold.
   Will:      It increases your willpower.
 A - the +0 sling of Righteous Fury {flame, rF+ Will+ Int+4}
   (You found it on level 3 of the Crypt)

   Any ammunition fired from it burns those it strikes, dealing additional fire
   damage.
   Int:       It affects your intelligence (+4).
   rF:        It protects you from fire.
   Will:      It increases your willpower.
 K - the +4 rapier of Jyepizov {vorpal, rElec rPois SInv}
   (You bought it in a shop on level 6 of the Dungeon)

   It inflicts extra damage upon your enemies.
   rElec:     It insulates you from electricity.
   rPois:     It protects you from poison.
   SInv:      It lets you see invisible.
Armour
 e - +0 fire dragon scales (worn)
   (You found it on level 3 of the Depths)
 l - the +1 pair of gloves of Weak Salvation (worn) {rC+ rN+ Will+}
   (You found it on level 3 of the Crypt)

   rC:        It protects you from cold.
   rN:        It protects you from negative energy.
   Will:      It increases your willpower.
 t - a +0 chain mail of poison resistance
   (You found it on level 5 of the Vaults)
 E - a +1 buckler of protection (worn)
   (You took it off a tengu warrior on level 2 of the Shoals)
 F - the +1 pair of gloves of the Gastropod {rElec rF++ Dex-2 SInv}
   (You found it on level 14 of the Dungeon)

   Dex:       It affects your dexterity (-2).
   rF:        It greatly protects you from fire.
   rElec:     It insulates you from electricity.
   SInv:      It lets you see invisible.
 T - a +1 helmet (worn)
   (You found it on level 12 of the Dungeon)
 W - a +0 pair of boots (worn)
   (You found it on level 13 of the Dungeon)
Magical Staves
 Z - a staff of fire
   (You found it on level 3 of the Elven Halls)
Jewellery
 j - the ring of Hifu Atyrch (right hand) {rN+ Int+4}
   (You bought it in a shop on level 1 of the Depths)

   [ring of positive energy]

   Int:       It affects your intelligence (+4).
   rN:        It protects you from negative energy.
 o - an amulet of regeneration (around neck)
   (You found it on level 3 of the Dungeon)
 D - the ring of Reibue (left hand) {Drain rElec Str+6 Int+8 Stlth+}
   (You bought it in a shop on level 1 of the Depths)

   [ring of strength]

   Str:       It affects your strength (+6).
   Int:       It affects your intelligence (+8).
   rElec:     It insulates you from electricity.
   Drain:     It drains your maximum health when unequipped.
   Stlth:     It makes you more stealthy.
 G - the ring "Fifeon" {rC+ Dex+4 Stlth+}
   (You bought it in a shop on level 2 of the Vaults)

   [ring of protection from cold]

   Dex:       It affects your dexterity (+4).
   rC:        It protects you from cold.
   Stlth:     It makes you more stealthy.
 N - a ring of ice
   (You found it on level 5 of the Vaults)
 Y - a ring of resist corrosion
   (You found it on level 2 of the Lair of Beasts)
Wands
 q - a wand of light (10)
   (You found it on level 3 of the Dungeon)
 v - a wand of iceblast (27)
   (You found it on level 5 of the Lair of Beasts)
 w - a wand of digging (16)
   (You found it on level 3 of the Elven Halls)
Scrolls
 c - 4 scrolls of torment
 d - 15 scrolls of teleportation
 m - 3 scrolls of summoning
 s - 5 scrolls of magic mapping
 B - 4 scrolls of poison
 C - 7 scrolls of enchant armour
 J - 6 scrolls of fear
 M - 9 scrolls of fog
 O - 2 scrolls of amnesia
 Q - 12 scrolls of immolation
 X - 3 scrolls of silence
Potions
 f - 37 potions of curing
 g - 7 potions of ambrosia
 h - 12 potions of lignification
 i - 6 potions of invisibility
 k - 13 potions of mutation
 p - 13 potions of brilliance
 r - 4 potions of cancellation
 y - 4 potions of berserk rage
 z - 11 potions of flight
 H - 2 potions of haste
 I - 12 potions of heal wounds
 L - 3 potions of resistance
 R - 14 potions of might
 U - 2 potions of magic
 V - 9 potions of attraction
Miscellaneous
 n - a lightning rod (4/4)
   (You found it on level 4 of the Snake Pit)
 u - a phantom mirror
   (You found it on level 3 of the Lair of Beasts)
 x - a phial of floods
   (You found it on level 3 of the Elven Halls)
 P - a condenser vane
   (You found it on level 3 of the Elven Halls)


   Skills:
 - Level 15.0 Fighting
 - Level 10.0 Long Blades
 - Level 11.1 Armour
 - Level 10.0 Dodging
 - Level 6.0 Stealth
 - Level 11.1 Shields
 + Level 14.9 Spellcasting
 - Level 21.0 Conjurations
 + Level 10.5 Summonings
 - Level 15.0 Translocations
 + Level 18.0 Fire Magic
 - Level 21.0 Earth Magic


You had 7 spell levels left.
You knew the following spells:

 Your Spells              Type           Power      Damage    Failure   Level
a - Spellforged Servitor  Conj/Summ      45%        N/A       7%          7
b - Dispersal             Tloc           44%        N/A       1%          6
c - Lehudib's Crystal Sp  Conj/Erth      51%        10d12     6%          8
e - Mephitic Cloud        Conj/Pois/Air  62%        N/A       1%          3
f - Ignition              Fire           47%        3d13      22%         8
g - Passage of Golubria   Tloc           88%        N/A       1%          4
h - Starburst             Conj/Fire      49%        6d14      1%          6
i - Fireball              Conj/Fire      49%        3d19      1%          5

Your spell library contained the following spells:

 Spells                   Type           Power      Damage    Failure   Level
 Apportation              Tloc           100%       N/A       0%          1
 Magic Dart               Conj           100%       1d8       0%          1
 Blink                    Tloc           100%       N/A       0%          2
 Momentum Strike          Conj/Tloc      100%       3d10      0%          2
 Scorch                   Fire           100%       2d10      0%          2
 Kiss of Death            Conj/Necr      100%       2d13      1%          1
 Summon Small Mammal      Summ           100%       N/A       1%          1
 Call Imp                 Summ           75%        N/A       1%          2
 Passwall                 Tmut/Erth      61%        N/A       1%          2
 Call Canine Familiar     Summ           75%        N/A       1%          3
 Dazzling Flash           Conj/Hex       100%       N/A       1%          3
 Gell's Gravitas          Tloc           88%        N/A       1%          3
 Ignite Poison            Fire/Tmut/Pois 58%        N/A       1%          3
 Inner Flame              Hex/Fire       69%        N/A       1%          3
 Lesser Beckoning         Tloc           100%       N/A       1%          3
 Portal Projectile        Hex/Tloc       100%       N/A       1%          3
 Summon Guardian Golem    Hex/Summ       55%        N/A       1%          3
 Teleport Other           Tloc           88%        N/A       1%          3
 Vhi's Electric Charge    Tloc/Air       100%       N/A       1%          3
 Animate Armour           Summ/Erth      100%       N/A       1%          4
 Flame Wave               Conj/Fire      99%        2d21      1%          4
 Iskenderun's Mystic Bla  Conj/Tloc      95%        2d18      1%          4
 Leda's Liquefaction      Hex/Erth       37%        N/A       1%          4
 Manifold Assault         Tloc           88%        N/A       1%          4
 Petrify                  Tmut/Erth      74%        N/A       1%          4
 Sticky Flame             Conj/Fire      99%        2d11      1%          4
 Arcjolt                  Conj/Air       37%        1d47      1%          5
 Borgnjor's Vile Clutch   Necr/Erth      37%        N/A       1%          5
 Iskenderun's Battlesphe  Conj           100%       2d15      1%          5
 Lee's Rapid Deconstruct  Erth           51%        3d25*     1%          5
 Lightning Bolt           Conj/Air       37%        1d55      1%          5
 Summon Forest            Summ/Tloc      40%        N/A       1%          5
 Iron Shot                Conj/Erth      51%        9d10      1%          6
 Orb of Destruction       Conj           51%        9d13      1%          7
 Beastly Appendage        Tmut           46%        N/A       5%          1
 Necrotise                Necr           92%        1d8       5%          1
 Slow                     Hex            92%        N/A       5%          1
 Sting                    Tmut/Pois      92%        1d7       5%          1
 Summon Ice Beast         Ice/Summ       55%        N/A       6%          4
 Cigotuvi's Dreadful Rot  Necr/Pois/Air  46%        N/A       8%          2
 Ensorcelled Hibernation  Hex/Ice        46%        N/A       8%          2
 Poisonous Vapours        Pois/Air       46%        N/A       8%          2
 Wereblood                Tmut           23%        N/A       8%          2
 Conjure Ball Lightning   Conj/Air       37%        3x3d12    11%         6
 Statue Form              Tmut/Erth      49%        N/A       11%         6
 Summon Cactus Giant      Summ           37%        N/A       11%         6
 Confusing Touch          Hex            23%        N/A       16%         3
 Frozen Ramparts          Ice            46%        1d7       16%         3
 Ozocubu's Armour         Ice            23%        N/A       16%         3
 Spider Form              Tmut/Pois      23%        N/A       16%         3
 Swiftness                Air            23%        N/A       16%         3
 Tukima's Dance           Hex            23%        N/A       16%         3
 Vampiric Draining        Necr           23%        2d7       16%         3
 Summon Mana Viper        Hex/Summ       55%        N/A       16%         5
 Malign Gateway           Summ/Tloc      40%        N/A       22%         7
 Airstrike                Air            11%        2d(2-18)  45%         4
 Anguish                  Hex/Necr       11%        N/A       45%         4
 Animate Dead             Necr           23%        N/A       45%         4
 Cause Fear               Hex            11%        N/A       45%         4
 Dispel Undead            Necr           23%        3d12      45%         4
 Ice Form                 Ice/Tmut       23%        N/A       45%         4
 Olgreb's Toxic Radiance  Pois           23%        N/A       45%         4
 Monstrous Menagerie      Summ           37%        N/A       50%         7
 Summon Hydra             Summ           37%        N/A       50%         7
 Agony                    Necr           23%        N/A       82%         5
 Alistair's Intoxication  Tmut/Pois      15%        N/A       82%         5
 Blade Hands              Tmut           11%        N/A       82%         5
 Metabolic Englaciation   Hex/Ice        11%        N/A       82%         5
 Silence                  Hex/Air        11%        N/A       82%         5
 Yara's Violent Unravell  Hex/Tmut       11%        3d6       82%         5
 Death Channel            Necr           11%        N/A       100%        6
 Eringya's Noxious Bog    Tmut/Pois      11%        N/A       100%        6
 Simulacrum               Ice/Necr       11%        N/A       100%        6
 Enfeeble                 Hex            11%        N/A       100%        7
 Ozocubu's Refrigeration  Ice            11%        4d10      100%        7
 Storm Form               Tmut/Air       11%        N/A       100%        7
 Disjunction              Tloc           44%        N/A       58%         8
 Discord                  Hex            11%        N/A       100%        8
 Infestation              Necr           11%        N/A       100%        8
 Necromutation            Tmut/Necr      11%        N/A       100%        8


Dungeon Overview and Level Annotations

Branches:
Dungeon (15/15)            Temple (0/1) D:6            Lair (5/5) D:9
 Shoals (4/4) Lair:3        Snake (4/4) Lair:2        Slime (1/5) Lair:5
    Orc (2/2) D:10            Elf (3/3) Orc:2        Vaults (5/5) D:14
  Crypt (3/3) Vaults:2       Tomb (0/3) Crypt:3      Depths (4/4) D:15
    Zot (4/5) Depths:4     WizLab (visited)

Altars:
Cheibriados
Dithmenos
Fedhas
Gozag
Hepliaklqana
Makhleb
Okawaru
Sif Muna
Trog
Vehumet
Wu Jian
Xom
Lugonu

Shops:
D:6 ((   D:7 *   D:8 [   D:11 (   Orc:2 :(*(   Elf:1 !   Shoals:1 **
Snake:3 [*??   Vaults:2 ?=?   Vaults:4 =   Depths:1 =::=   Depths:4 *

Portals:
Hell: Depths:1 Depths:2 Depths:3 Depths:4
Abyss: Lair:5 Depths:3
Pandemonium: Depths:2
Ziggurat: Depths:1

Annotations:
D:13 2 runed translucent doors, Fugryada's ghost, journeyman VSEn
Lair:2 1 runed translucent door, Gyitair's ghost, journeyman DDFi
Elf:2 3 runed translucent doors
Vaults:1 3 runed translucent doors, Ezureorgha's ghost, adept HOFi
Vaults:3 Boris
Vaults:4 2 transporters, Qemeisho's ghost, master DsGl
Zot:3 36 runed doors
Zot:4 Tiamat


Innate Abilities, Weirdness & Mutations

You are completely covered in slimy green scales. (AC +4, rPois)
You regenerate health from kills.
You are extremely robust. (+30% HP)
Spells you cast and wands you use may paralyse nearby enemies.
You have a sharp stinger which inflicts weakening toxins.
You are dopey. (Int -2)
Your flesh is heat resistant. (rF+)


Message History

You block the tentacled monstrosity's attack.
The tentacled monstrosity closely misses you.
The tentacled monstrosity tentacle-slaps you but does no damage.
The tentacled monstrosity constricts you!
Unknown command.
Casting: Lehudib's Crystal Spear (dangerous; 6% risk of failure)
Confirm with . or Enter, or press ? or * to list all spells.
Casting: Dispersal (mildly dangerous; 1% risk of failure)
Press: ? - help, Dir - look around, f - activate The tentacled monstrosity blinks! x2
The tentacled monstrosity loses its grip on you.
Malevolent energies surge around you.
* * * LOW MAGIC WARNING * * *
You climb upwards.
There is a stone staircase leading down here.
You start resting.
HP restored.
You start resting.
Magic restored.
You climb downwards.
You block the tentacled monstrosity's attack.
The tentacled monstrosity tentacle-slaps you but does no damage.
The tentacled monstrosity closely misses you.
The tentacled monstrosity barely misses you.
There is a stone staircase leading up, spattered with blood here.
Casting: Dispersal (mildly dangerous; 1% risk of failure)
Confirm with . or Enter, or press ? or * to list all spells.
You summon a servant imbued with your destructive magic!
Malevolent energies surge around you.
The tentacled monstrosity tentacle-slaps you but does no damage. x2
The tentacled monstrosity closely misses you.
The tentacled monstrosity grabs you.
The tentacled monstrosity constricts you.
The crystal spear hits the tentacled monstrosity!!!
The tentacled monstrosity is moderately wounded.
Malevolent energies surge around you.
You block the tentacled monstrosity's attack.
The tentacled monstrosity tentacle-slaps you but does no damage.
The tentacled monstrosity tentacle-slaps you!
The tentacled monstrosity constricts you.
The tentacled monstrosity tentacle-slaps you but does no damage. x2
You block the tentacled monstrosity's attack.
Your spellforged servitor gestures at the tentacled monstrosity while chanting.
The crystal spear hits the tentacled monstrosity!!!
The crystal spear hits the tentacled monstrosity!!!
The tentacled monstrosity is almost dead.
Malevolent energies surge around you.
The tentacled monstrosity tentacle-slaps you.
The tentacled monstrosity tentacle-slaps you but does no damage. x2
The tentacled monstrosity constricts you.
The tentacled monstrosity tentacle-slaps you!
You block the tentacled monstrosity's attack. x2
The crystal spear hits the tentacled monstrosity!!!
You kill the tentacled monstrosity!
Malevolent energies surge around you.
The tentacled monstrosity tentacle-slaps you but does no damage.
The tentacled monstrosity tentacle-slaps you!
The tentacled monstrosity tentacle-slaps you.
The tentacled monstrosity grabs you.
The tentacled monstrosity constricts you.
The crystal spear hits the tentacled monstrosity!!!
The tentacled monstrosity is almost dead.
Malevolent energies surge around you.
* * * LOW MAGIC WARNING * * *
You block the tentacled monstrosity's attack.
The tentacled monstrosity tentacle-slaps you but does no damage.
The tentacled monstrosity closely misses you.
The tentacled monstrosity constricts you.
Your spellforged servitor points at the tentacled monstrosity and mumbles some strange words.
The crystal spear hits the tentacled monstrosity!!!
The tentacled monstrosity dies!
You climb upwards.
There is a stone staircase leading down here.
You start resting.
HP restored.
You start resting.
Magic restored.
You climb downwards.
There is a stone staircase leading up, spattered with blood here.
Casting: Lehudib's Crystal Spear (dangerous; 6% risk of failure)
Confirm with . or Enter, or press ? or * to list all spells.
You summon a servant imbued with your destructive magic!
Malevolent energies surge around you.
You swap places.
A tentacled monstrosity comes into view.
Your spellforged servitor casts a spell at the tentacled monstrosity.
The crystal spear hits the tentacled monstrosity!!
You can't see any susceptible monsters within range! (Use Z to cast anyway.)
You can't see any susceptible monsters within range! (Use Z to cast anyway.)
The crystal spear hits the tentacled monstrosity!!!
The tentacled monstrosity is almost dead.
Malevolent energies surge around you.
Your spellforged servitor casts a spell at the tentacled monstrosity.
The crystal spear hits the tentacled monstrosity!!!
The tentacled monstrosity dies!
A purple draconian is nearby!
Found 2 potions of attraction.
The purple draconian breathes dispelling energy at you.
The bolt of dispelling energy hits you!
Your spellforged servitor points at the purple draconian and mumbles some strange words.
The crystal spear hits the purple draconian!!!
The crystal spear hits the purple draconian!!
The purple draconian is almost dead.
Malevolent energies surge around you.
You closely miss the purple draconian. You tail-slap the purple draconian.
The purple draconian looks weaker.
The purple draconian is almost dead.
Your spellforged servitor casts a spell at the purple draconian.
The crystal spear hits the purple draconian!!
The purple draconian dies!
HP restored.
Your spellforged servitor disappears in a puff of smoke!
A death cob comes into view.
Casting: Lehudib's Crystal Spear (dangerous; 6% risk of failure)
Confirm with . or Enter, or press ? or * to list all spells.
You summon a servant imbued with your destructive magic!
Malevolent energies surge around you.
The death cob gives a chilling moan.
What are your orders? t - Shout!
Orders for allies: a - Attack new target. r - Retreat! s - Stop attacking. g - Guard the area. f - Follow me.
Anything else - Cancel.
Gang up on whom?
Press: ? - help, Dir - move target, f - death cob
Aim: a death cob (ally target) Attack!
Your spellforged servitor casts a spell at the death cob.
The crystal spear hits the death cob!!
The crystal spear hits the death cob!!!
You destroy the death cob!
Malevolent energies surge around you.
Your spellforged servitor disappears in a puff of smoke!
Magic restored.
d - 12 scrolls of teleportation (gained 1)
You see here a +0 war axe.
Found a stone staircase leading down.
V - 8 potions of attraction (gained 2)
Found a pair of boots.
Found a hand axe.
A death cob is nearby!
The death cob gives a chilling moan.
You can't see any susceptible monsters within range! (Use Z to cast anyway.)
Casting: Lehudib's Crystal Spear (dangerous; 6% risk of failure)
Confirm with . or Enter, or press ? or * to list all spells.
You summon a servant imbued with your destructive magic!
Malevolent energies surge around you.
You miscast Lehudib's Crystal Spear.
You are very lightly contaminated with residual magic.
Energy rips through your body!
The death cob hits you but does no damage.
The death cob barely misses you.
Your spellforged servitor points at the death cob and mumbles some strange words.
The crystal spear hits the death cob!!!
You miss the death cob.
The death cob is severely damaged.
The death cob hits you but does no damage.
You puncture the death cob!
Your tail-slap misses the death cob.
The death cob is severely damaged.
The death cob hits you. The death cob drains your vigour!
You feel yourself slow down.
You hit the death cob.
The death cob is severely damaged.
The death cob hits you! The death cob drains your vigour!
You feel as though you will be slow longer.
The crystal spear hits the death cob!!!
You destroy the death cob!
Malevolent energies surge around you.
Your magical contamination has completely faded away.
You feel yourself speed up.
Your spellforged servitor disappears in a puff of smoke!
Key pressed, stopping explore.
A golden dragon comes into view.
Casting: Lehudib's Crystal Spear (dangerous; 6% risk of failure)
Confirm with . or Enter, or press ? or * to list all spells.
You summon a servant imbued with your destructive magic!
Malevolent energies surge around you. What are your orders? t - Shout!
Orders for allies: a - Attack new target. r - Retreat! s - Stop attacking. g - Guard the area. f - Follow me.
Anything else - Cancel.
Gang up on whom?
Press: ? - help, Dir - move target, f - golden dragon
Aim: a golden dragon (asleep, ally target) Attack!
The golden dragon roars deafeningly!
A quicksilver dragon comes into view.
Your spellforged servitor points at the golden dragon and mumbles some strange words.
The crystal spear hits the golden dragon!!!
The quicksilver dragon breathes dispelling energy at you.
The bolt of dispelling energy hits you!!
Your spellforged servitor casts a spell at the golden dragon.
The crystal spear hits the golden dragon!!!
The crystal spear hits the golden dragon!!!
You kill the golden dragon!
The gold dragon scales are intact enough to wear.
Malevolent energies surge around you.
Your Summonings skill increases to level 10!
The crystal spear misses the quicksilver dragon.
Malevolent energies surge around you.
The quicksilver dragon breathes dispelling energy at you.
The bolt of dispelling energy hits you!!
Your spellforged servitor points at the quicksilver dragon and mumbles some strange words.
The crystal spear hits the quicksilver dragon!!!
The quicksilver dragon bites your spellforged servitor but does no damage.
The quicksilver dragon completely misses your spellforged servitor.
You hit the quicksilver dragon. You freeze the quicksilver dragon.
The quicksilver dragon is heavily wounded.
The quicksilver dragon breathes dispelling energy at you.
The bolt of dispelling energy hits you!!
You barely miss the quicksilver dragon.
You tail-slap the quicksilver dragon, but do no damage.
The quicksilver dragon is heavily wounded.
Your spellforged servitor points at the quicksilver dragon and mumbles some strange words.
The crystal spear hits the quicksilver dragon!!!!
The quicksilver dragon dies!
The quicksilver dragon scales are intact enough to wear.
You start resting.
HP restored.
You start resting.
Your spellforged servitor disappears in a puff of smoke!
Magic restored.
Found a mace.
Found a war axe.
Found a stone staircase leading down.
d - 13 scrolls of teleportation (gained 1)
V - 9 potions of attraction (gained 1)
The black draconian knight roars!
A black draconian knight is nearby!
The black draconian knight breathes lightning at you.
The bolt of lightning misses you.
Casting: Lehudib's Crystal Spear (dangerous; 6% risk of failure)
Confirm with . or Enter, or press ? or * to list all spells.
You summon a servant imbued with your destructive magic!
Malevolent energies surge around you.
The black draconian knight gestures wildly while chanting.
The black draconian knight seems to speed up.
What are your orders? t - Shout!
Orders for allies: a - Attack new target. r - Retreat! s - Stop attacking. g - Guard the area. f - Follow me.
Anything else - Cancel.
Okay, then.
What are your orders? t - Shout!
Orders for allies: a - Attack new target. r - Retreat! s - Stop attacking. g - Guard the area. f - Follow me.
Anything else - Cancel.
Gang up on whom?
Press: ? - help, Dir - move target, f - black draconian knight
Aim: a black draconian knight, wielding a +2 war axe and wearing a +0 cloak (fast, ally target) Attack!
The black draconian knight breathes lightning at you.
The bolt of lightning hits you! You resist.
Your spellforged servitor gestures at the black draconian knight while chanting.
The crystal spear hits the black draconian knight!!
You can't see any susceptible monsters within range! (Use Z to cast anyway.)
The black draconian knight breathes lightning at you.
The bolt of lightning hits you. You resist.
The crystal spear hits the black draconian knight!!!
The black draconian knight is heavily wounded.
Malevolent energies surge around you.
Your spellforged servitor casts a spell at the black draconian knight.
The crystal spear hits the black draconian knight!!!
The crystal spear hits the black draconian knight!!!
You kill the black draconian knight!
Malevolent energies surge around you.
Your spellforged servitor gestures at the white draconian while chanting.
The crystal spear hits the white draconian!!!
The white draconian breathes frost at your spellforged servitor.
The blast of cold hits your spellforged servitor.
Your spellforged servitor resists.
You hear a roar!
Your spellforged servitor gestures at the white draconian while chanting.
The crystal spear hits the white draconian!!!
The white draconian closely misses your spellforged servitor.
The green draconian hits your spellforged servitor with a +1 vorpal battleaxe!!
The green draconian barely misses your spellforged servitor.
The white draconian breathes frost at your spellforged servitor.
The blast of cold hits your spellforged servitor.
Your spellforged servitor resists.
The green draconian hits your spellforged servitor with a +1 vorpal battleaxe!
The green draconian tail-slaps your spellforged servitor.
Your spellforged servitor points at the green draconian and mumbles some strange words.
The crystal spear hits the green draconian!!!
The white draconian hits your spellforged servitor with a +0 mace.
The green draconian closely misses your spellforged servitor.
The green draconian tail-slaps your spellforged servitor but does no damage.
The white draconian hits your spellforged servitor but does no damage.
Your spellforged servitor points at the white draconian and mumbles some strange words.
The crystal spear hits the white draconian!!!
The white draconian dies!
The green draconian barely misses your spellforged servitor.
The green draconian tail-slaps your spellforged servitor.
The green draconian hits your spellforged servitor with a +1 vorpal battleaxe!
Your spellforged servitor is destroyed!
Your spellforged servitor disappears in a puff of smoke!
Casting: Lehudib's Crystal Spear (dangerous; 6% risk of failure)
Confirm with . or Enter, or press ? or * to list all spells.
You summon a servant imbued with your destructive magic!
Malevolent energies surge around you.
The green draconian roars!
The green draconian breathes poison at you.
The black draconian is engulfed in poison gas.
The black draconian is poisoned.
The black draconian is engulfed in poison gas.
The black draconian looks even sicker.
The black draconian breathes lightning at you.
The bolt of lightning hits you! You resist. The bolt of lightning misses you.
The green draconian hits your spellforged servitor with a +1 vorpal battleaxe!
The green draconian misses your spellforged servitor.
The crystal spear misses the black draconian.
Malevolent energies surge around you.
* * * LOW MAGIC WARNING * * *
Your spellforged servitor gestures at the green draconian while chanting.
The crystal spear hits the green draconian!!!
The green draconian hits your spellforged servitor with a +1 vorpal battleaxe.
The green draconian tail-slaps your spellforged servitor.
The crystal spear hits the black draconian!!!!
You kill the black draconian!
Malevolent energies surge around you.
* * * LOW MAGIC WARNING * * *
The green draconian breathes poison at your spellforged servitor.
The blast of poison engulfs your spellforged servitor.
Your spellforged servitor completely resists.
The green draconian hits your spellforged servitor with a +1 vorpal battleaxe!
The green draconian closely misses your spellforged servitor.
Your spellforged servitor casts a spell at the green draconian.
The crystal spear hits the green draconian!
The green draconian dies!
HP restored.
Things that are here:
quicksilver dragon scales; a quicksilver dragon corpse Your spellforged servitor disappears in a puff of smoke!
You start resting.
Magic restored.
Things that are here:
+0 gold dragon scales; a golden dragon skeleton A green draconian is nearby!
A green draconian is nearby!
A green draconian is nearby!
The green draconian roars!
The black draconian roars!
You hear a roar!
The crystal spear hits the green draconian!!!
The green draconian is heavily wounded.
Malevolent energies surge around you.
The green draconian suddenly stops moving!
The purple draconian shifter roars!
The purple draconian shifter casts a spell at you.
The green draconian blinks into view!
The black draconian blinks!
The green draconian blinks!
The white draconian blinks!
The green draconian blinks!
Unknown command.
Casting: Lehudib's Crystal Spear (dangerous; 6% risk of failure)
Confirm with . or Enter, or press ? or * to list all spells.
Casting: Dispersal (mildly dangerous; 1% risk of failure)
Press: ? - help, Dir - look around, f - activate The green draconian blinks!
The green draconian appears confused.
The white draconian disappears!
The green draconian blinks!
The black draconian blinks!
The green draconian disappears! x2
Malevolent energies surge around you.
The purple draconian shifter mumbles some strange words.
The purple draconian shifter blinks!
Casting: Dispersal (mildly dangerous; 1% risk of failure)
Confirm with . or Enter, or press ? or * to list all spells.
You summon a servant imbued with your destructive magic!
Malevolent energies surge around you.
The black draconian breathes lightning at you.
The bolt of lightning misses you.
The bolt of lightning hits your spellforged servitor.
Your spellforged servitor resists.
The purple draconian shifter casts a spell at you.
The green draconian blinks!
The black draconian blinks!
Your spellforged servitor gestures at the black draconian while chanting.
The crystal spear hits the black draconian!!
The black draconian hits you but does no damage.
The purple draconian shifter casts a spell.
The purple draconian shifter blinks!
The black draconian hits you but does no damage.
The green draconian attacks as you move away!
The green draconian hits you with a +0 mace.
The green draconian tail-slaps you but does no damage.
The green draconian breathes poison at you.
The blast of poison engulfs you! You resist.
Your spellforged servitor points at the black draconian and mumbles some strange words.
The crystal spear hits the black draconian!!!
The black draconian hits your spellforged servitor from afar with a +0 halberd!!
The green draconian hits you but does no damage.
The green draconian tail-slaps you but does no damage.
Your spellforged servitor gestures at the black draconian while chanting.
The crystal spear hits the green draconian!!!
The purple draconian shifter casts a spell.
The purple draconian shifter blinks!
The black draconian hits your spellforged servitor from afar with a +0 halberd!
You hit the green draconian. You freeze the green draconian.
The green draconian is heavily wounded.
The green draconian hits you but does no damage.
You block the green draconian's attack.
You hit the green draconian but do no damage.
The green draconian is heavily wounded.
The black draconian hits your spellforged servitor from afar with a +0 halberd!
The purple draconian shifter gestures wildly while chanting.
The purple draconian shifter blinks!
You barely miss the green draconian.
Your tail-slap misses the green draconian.
The green draconian is heavily wounded.
The green draconian closely misses you. The green draconian tail-slaps you.
You hit the green draconian.
The green draconian seems to slow down.
You freeze the green draconian.
The green draconian is heavily wounded.
Your spellforged servitor gestures at the black draconian while chanting.
The crystal spear hits the green draconian!!!
The green draconian dies!
The purple draconian shifter breathes dispelling energy at you.
The bolt of dispelling energy hits you!!!
The black draconian breathes lightning at your spellforged servitor.
The bolt of lightning hits your spellforged servitor!
Your spellforged servitor resists.
Things that are here:
a +0 mace; a scroll of teleportation; a green draconian corpse You closely miss the black draconian.
You tail-slap the black draconian.
The black draconian looks weaker.
The black draconian is almost dead.
The black draconian hits you but does no damage.
You hit the black draconian. You freeze the black draconian.
The black draconian is almost dead.
You hit the black draconian. You freeze the black draconian.
The black draconian is almost dead.
You puncture the black draconian! You freeze the black draconian.
You kill the black draconian!
Your spellforged servitor gestures at the purple draconian shifter while chanting.
The crystal spear hits the purple draconian shifter!!!
The crystal spear hits the purple draconian shifter!!!
You kill the purple draconian shifter!
Malevolent energies surge around you.
A white draconian is nearby!
A white draconian is nearby!
A white draconian is nearby!
The white draconian misses you.
Your spellforged servitor points at the white draconian and mumbles some strange words.
The crystal spear hits the white draconian!!!
The crystal spear hits the white draconian!!!
You kill the white draconian!
Malevolent energies surge around you.
* * * LOW MAGIC WARNING * * *
Things that are here:
a +0 dire flail of protection; a white draconian corpse HP restored.
You see here a +0 hand axe.
You start resting.
Your spellforged servitor disappears in a puff of smoke!
Magic restored.
Things that are here:
a +0 dire flail of protection; a white draconian corpse You see here a +0 halberd.
d - 14 scrolls of teleportation (gained 1)
Things that are here:
a +0 mace; a green draconian corpse Key pressed, stopping explore.
Found a stone staircase leading down.
There is a stone staircase leading down here.
Found a scroll of identify.
A tentacled monstrosity comes into view.
You can't see any susceptible monsters within range! (Use Z to cast anyway.)
The crystal spear hits the tentacled monstrosity!!!!
The tentacled monstrosity is heavily wounded.
Malevolent energies surge around you.
You miscast Lehudib's Crystal Spear.
You are very lightly contaminated with residual magic.
Nothing appears to happen.
You block the tentacled monstrosity's attack.
The tentacled monstrosity tentacle-slaps you!
The tentacled monstrosity closely misses you.
The tentacled monstrosity grabs you.
The tentacled monstrosity constricts you.
The crystal spear hits the tentacled monstrosity!!!
You kill the tentacled monstrosity!
Malevolent energies surge around you.
HP restored.
Your magical contamination has completely faded away.
A moth of wrath comes into view.
The moth of wrath's fur bristles in rage as it notices you.
A moth of wrath is nearby!
A moth of wrath is nearby!
Found a leather armour.
The crystal spear hits the moth of wrath!!!
You kill the moth of wrath!
Malevolent energies surge around you.
You have reached level 26!
Your demonic ancestry asserts itself...
You feel robust.
Casting: Lehudib's Crystal Spear (dangerous; 6% risk of failure)
Confirm with . or Enter, or press ? or * to list all spells.
You miscast Spellforged Servitor.
You are very lightly contaminated with residual magic.
Nothing appears to happen.
The green draconian roars!
The green draconian breathes poison at you.
The blast of poison engulfs you but does no damage.
You resist.
Unknown command.
Casting: Spellforged Servitor (mildly dangerous; 7% risk of failure)
Confirm with . or Enter, or press ? or * to list all spells.
You summon a servant imbued with your destructive magic!
Malevolent energies surge around you.
Your spellforged servitor casts a spell at the green draconian.
The crystal spear hits the green draconian!!!!
The green draconian hits your spellforged servitor from afar with a +0 glaive!
Your spellforged servitor casts a spell at the green draconian.
The crystal spear hits the green draconian!!!
The green draconian dies!
Your magical contamination has completely faded away.
The crystal spear hits the green draconian!!!
The green draconian is severely wounded.
Malevolent energies surge around you.
The green draconian suddenly stops moving!
The crystal spear hits the green draconian!!!
You kill the green draconian!
Malevolent energies surge around you.
* * * LOW MAGIC WARNING * * *
(D) Dungeon (T) Temple (L) Lair (A) Shoals (P) Snake Pit (M) Slime Pits (O) Orcish Mines (E) Elven Halls (V) Vaults (C) Crypt (W) Tomb (U) Depths (H) Hell (Z) Zot
Where to? (Enter - Zot:2 @ (x,y), ? - help)
There is a stone staircase leading up, spattered with blood here.
You climb upwards.
There is a stone staircase leading down here.
Magic restored.
Done exploring.
You climb downwards.
There is a stone staircase leading up, spattered with blood here.
A yellow draconian comes into view. It is wielding a +0 scimitar.
A yellow draconian is nearby!
A yellow draconian is nearby!
The yellow draconian roars!
The yellow draconian spits acid at you. The glob of acid hits you!
Casting: Lehudib's Crystal Spear (dangerous; 6% risk of failure)
Confirm with . or Enter, or press ? or * to list all spells.
You summon a servant imbued with your destructive magic!
Malevolent energies surge around you. What are your orders? t - Shout!
Orders for allies: a - Attack new target. r - Retreat! s - Stop attacking. g - Guard the area. f - Follow me.
Anything else - Cancel.
Gang up on whom?
Press: ? - help, Dir - move target, f - yellow draconian
Aim: a yellow draconian, wielding a +0 scimitar (catching its breath, ally target) Attack!
The yellow draconian spits acid at you.
The glob of acid hits you but does no damage.
Your spellforged servitor points at the yellow draconian and mumbles some strange words.
The crystal spear hits the yellow draconian!!!
The crystal spear hits the yellow draconian!!!
You kill the yellow draconian!
Malevolent energies surge around you.
Your spellforged servitor disappears in a puff of smoke!
Magic restored.
You now have 1690 gold pieces (gained 9).
A storm dragon comes into view.
Found a scroll of teleportation.
A storm dragon is nearby!
A storm dragon is nearby!
The storm dragon roars deafeningly!
The crystal spear hits the storm dragon!!!
The storm dragon is severely wounded.
Malevolent energies surge around you.
The crystal spear hits the storm dragon!!!!
You kill the storm dragon!
Malevolent energies surge around you.
d - 15 scrolls of teleportation (gained 1) Key pressed, stopping explore.
A purple draconian comes into view. It is wielding a +0 dire flail.
The purple draconian roars!
You hear a roar!
The purple draconian breathes dispelling energy at you.
The bolt of dispelling energy hits you!!
A purple draconian is nearby!
Casting: Lehudib's Crystal Spear (dangerous; 6% risk of failure)
Confirm with . or Enter, or press ? or * to list all spells.
You summon a servant imbued with your destructive magic!
Malevolent energies surge around you.
You start resting.
A white draconian comes into view. It is wielding a +0 glaive.
What are your orders? t - Shout!
Orders for allies: a - Attack new target. r - Retreat! s - Stop attacking. g - Guard the area. f - Follow me.
Anything else - Cancel.
Gang up on whom?
Press: ? - help, Dir - move target, f - purple draconian
Aim: a purple draconian, wielding a +0 dire flail (ally target) Attack!
Your spellforged servitor casts a spell at the purple draconian.
The crystal spear hits the purple draconian!!!
The purple draconian closely misses your spellforged servitor.
The white draconian breathes frost at you.
The blast of cold hits you but does no damage.
The purple draconian breathes dispelling energy at your spellforged servitor.
The bolt of dispelling energy hits your spellforged servitor!
Casting: Spellforged Servitor (mildly dangerous; 7% risk of failure)
Confirm with . or Enter, or press ? or * to list all spells.
Aiming: Lehudib's Crystal Spear (dangerous; 6% risk of failure)
Press: ? - help, Shift-Dir - straight line, f - white draconian, p - purple draconian
Aim: a white draconian, wielding a +0 glaive (catching its breath, 82% to hit)
The crystal spear hits the white draconian!!!
The white draconian is severely wounded.
Malevolent energies surge around you.
The purple draconian hits your spellforged servitor with a +0 dire flail!
Your spellforged servitor points at the purple draconian and mumbles some strange words.
The crystal spear hits the purple draconian!!!
The purple draconian dies!
Casting: Lehudib's Crystal Spear (dangerous; 6% risk of failure)
Confirm with . or Enter, or press ? or * to list all spells.
Aiming: Lehudib's Crystal Spear (dangerous; 6% risk of failure)
Press: ? - help, Shift-Dir - straight line, f/p - white draconian
Aim: a white draconian, wielding a +0 glaive (severely wounded, 82% to hit)
The crystal spear hits the white draconian!!!
You kill the white draconian!
Malevolent energies surge around you.
HP restored.
Your spellforged servitor disappears in a puff of smoke!
Key pressed, stopping explore.
Magic restored.
You see here a +0 glaive.
Key pressed, stopping explore.
You see here a +1 vorpal battleaxe.
Q - 12 scrolls of immolation (gained 1)
Things that are here:
a +0 cloak; a +2 war axe You see here a +1 short sword of venom.
Key pressed, stopping explore.
Found a scale mail.
You see here a +0 scale mail.
Key pressed, stopping explore.
Partly explored, unopened runed door.
Partly explored, unopened runed door.
Partly explored, unopened runed door.
Partly explored, unopened runed door.
Partly explored, unopened runed door.
You see here a +0 glaive.
There is a stone staircase leading down here.
You climb downwards.
The black draconian roars!
The white draconian roars!
The purple draconian roars!
The yellow draconian annihilator roars!
The purple draconian roars!
The green draconian roars!
The black draconian roars!
You hear a roar! x3
Found 2 scrolls of identify.
There is a stone staircase leading up here.
Okay, then.
The yellow draconian annihilator gestures at you while chanting.
The poison arrow hits you!
You are poisoned.
You partially resist. Tiamat hits you but does no damage.
The yellow draconian annihilator gestures wildly while chanting.
The yellow draconian annihilator blinks!
You climb upwards.
Level annotation: 36 runed doors You feel very sick.
There is a stone staircase leading down here.
The crystal spear hits the green draconian!!!
The green draconian is severely wounded.
Malevolent energies surge around you.
The green draconian suddenly stops moving!
You feel sick.
The yellow draconian annihilator hits you but does no damage.
The crystal spear hits the green draconian!!!
You kill the green draconian!
Malevolent energies surge around you.
You feel sick.
The yellow draconian annihilator gestures at you while chanting.
The iron shot hits you!!
The crystal spear hits the yellow draconian annihilator!!!
The yellow draconian annihilator is almost dead.
Malevolent energies surge around you.
You feel sick.
The yellow draconian annihilator casts a spell.
The yellow draconian annihilator blinks!
You can't see any susceptible monsters within range! (Use Z to cast anyway.)
You feel sick.
The yellow draconian annihilator spits acid at you.
The glob of acid hits you!! The acid corrodes you!
Things that are here:
a +0 halberd; a green draconian corpse The crystal spear hits the yellow draconian annihilator!!!
You kill the yellow draconian annihilator!
Malevolent energies surge around you.
You feel sick.
You start resting.
You feel sick. x2
You are no longer poisoned.
You start resting.
You are no longer corroded.
You start resting.
HP restored.
You start resting.
Magic restored.
Unknown command.
There is a stone staircase leading down here.
You climb downwards.
Level annotation: Tiamat
Found 19 gold pieces.
There is a stone staircase leading up here.
You now have 1709 gold pieces (gained 19).
You open the door.
Found a club.
As you read the scroll of magic mapping, it crumbles to dust.
You feel aware of your surroundings.
A moth of wrath comes into view.
There is an open door here.
A moth of wrath is nearby!
A moth of wrath is nearby!
A golden dragon comes into view.
The crystal spear hits the moth of wrath!!!
You kill the moth of wrath!
Malevolent energies surge around you.
The golden dragon roars deafeningly!
Casting: Lehudib's Crystal Spear (dangerous; 6% risk of failure)
Confirm with . or Enter, or press ? or * to list all spells.
You summon a servant imbued with your destructive magic!
Malevolent energies surge around you.
You can't see any susceptible monsters within range! (Use Z to cast anyway.)
The golden dragon breathes cold at you. The bolt of cold hits you!!
Your spellforged servitor gestures at the golden dragon while chanting.
The crystal spear hits the golden dragon!!
Your spellforged servitor casts a spell at the golden dragon.
The crystal spear hits the golden dragon!!!
The crystal spear hits the golden dragon!!!
You kill the golden dragon!
The gold dragon scales are intact enough to wear.
Malevolent energies surge around you.
HP restored.
Your spellforged servitor disappears in a puff of smoke!
Key pressed, stopping explore.
Magic restored.
You open the door.
There is an open door here.
You open the door.
A sourceless malevolence fills the Realm of Zot... and a teleportation trap spontaneously manifests!
You are yanked towards some nearby monsters!
Your surroundings suddenly seem different.
A storm dragon, a death cob, a purple draconian shifter and a green draconian come into view.
The green draconian is wielding a +0 halberd of distortion.
Found a long sword and a wand of iceblast (2).
The death cob gives a chilling moan.
The green draconian roars!
The storm dragon roars deafeningly!
You hear a roar! x3
The purple draconian shifter roars!
The purple draconian shifter casts a spell at you.
The yellow draconian annihilator blinks into view!
The death cob blinks!
The white draconian blinks into view!
The moth of wrath blinks into view!
You hear a roar! x2
Unknown command.
Unknown command.
Unknown command.
Casting: Lehudib's Crystal Spear (dangerous; 6% risk of failure)
Confirm with . or Enter, or press ? or * to list all spells.
Casting: Dispersal (mildly dangerous; 1% risk of failure)
Press: ? - help, Dir - look around, f - activate You miscast Dispersal.
You are very lightly contaminated with residual magic.
Space warps crazily around you.
You are magically locked in place.
The death cob hits you but does no damage.
The red draconian scorcher hits you but does no damage.
The white draconian barely misses you. The yellow draconian spits acid at you.
The glob of acid hits you! The acid corrodes you!
The moth of wrath closely misses you. The death cob barely misses you.
The moth of wrath bites you! The moth of wrath infuriates you!
A red film seems to cover your vision as you go berserk!
You feel yourself moving faster!
You feel mighty! You block the white draconian's attack.
The yellow draconian annihilator casts a spell at you.
The poison arrow hits you!
You are poisoned.
You partially resist.
You are too berserk!
Okay, then.
You are too berserk!
You are too berserk!
You hit the death cob. You freeze the death cob.
The death cob is lightly damaged.
You feel sick.
The red draconian scorcher hits you but does no damage.
The death cob barely misses you.
The moth of wrath bites you but does no damage.
You block the yellow draconian's attack.
The purple draconian shifter mumbles some strange words.
The purple draconian shifter blinks!
The white draconian hits you but does no damage.
You puncture the death cob! You freeze the death cob.
The death cob is moderately damaged.
You feel sick.
The moth of wrath bites you but does no damage.
You puncture the death cob! You freeze the death cob.
The death cob is moderately damaged.
The death cob hits you!
The white draconian hits you but does no damage.
You hit the death cob.
The death cob is moderately damaged.
You feel sick.
The yellow draconian annihilator hits you but does no damage.
The death cob hits you!!
You barely miss the death cob. You tail-slap the death cob.
The death cob is moderately damaged.
You feel sick. The moth of wrath closely misses you.
The moth of wrath goads the white draconian on!
The white draconian goes berserk!
You block the red draconian scorcher's attack.
The white draconian hits you with a +0 flail of protection!
The yellow draconian hits you with a +0 dire flail.
You hit the death cob.
The death cob is heavily damaged.
You block the death cob's attack.
You closely miss the death cob.
Your tail-slap misses the death cob.
The death cob is heavily damaged.
The white draconian hits you with a +0 long sword!
The death cob hits you!
You hit the death cob.
The death cob is heavily damaged.
You feel sick. You block the white draconian's attack.
The moth of wrath bites you!
The yellow draconian annihilator hits you with a +0 long sword.
The moth of wrath bites you.
You block the red draconian scorcher's attack.
You hit the death cob.
You tail-slap the death cob, but do no damage.
The death cob is heavily damaged.
The death cob closely misses you.
The yellow draconian hits you but does no damage.
You puncture the death cob! You freeze the death cob.
Your tail-slap misses the death cob.
The death cob is heavily damaged.
You feel sick.
The white draconian hits you with a +0 flail of protection!!
The death cob hits you!!
You hit the death cob. You freeze the death cob. You tail-slap the death cob!
The death cob is severely damaged.
The moth of wrath misses you.
The white draconian completely misses you.
The moth of wrath misses you.
You hit the death cob. You freeze the death cob.
The death cob is almost destroyed.
You feel sick.
The death cob hits you but does no damage.
The yellow draconian annihilator points at you and mumbles some strange words.
The poison arrow hits you!
You are more poisoned.
You partially resist.
The white draconian hits you but does no damage.
The green draconian hits you from afar with a +0 halberd of distortion!
* * * LOW HITPOINT WARNING * * *
Space warps around you.
* * * LOW HITPOINT WARNING * * *
The yellow draconian hits you with a +0 dire flail.
* * * LOW HITPOINT WARNING * * *
You hit the death cob.
The death cob is almost destroyed.
You feel sick. You block the death cob's attack.
The moth of wrath goads the white draconian on!
The white draconian goes berserk!
You closely miss the death cob.
Your tail-slap misses the death cob.
The death cob is almost destroyed.
You feel sick.
The white draconian hits you but does no damage.
The death cob barely misses you.
The moth of wrath goads the yellow draconian on!
The yellow draconian goes berserk!
You block the white draconian's attack.
You hit the death cob. You freeze the death cob.
The death cob is almost destroyed.
You are no longer locked in place.
You feel sick.
The yellow draconian annihilator spits acid at you.
The glob of acid hits you but does no damage.
The acid corrodes you!
You block the yellow draconian's attack.
The red draconian scorcher hits you with a +3 rapier.
* * * LOW HITPOINT WARNING * * *
The green draconian closely misses you. The death cob completely misses you.
You hit the death cob.
The death cob is almost destroyed.
The moth of wrath barely misses you. The white draconian closely misses you.
You hit the death cob but do no damage.
You tail-slap the death cob, but do no damage.
The death cob is almost destroyed.
You feel sick.
The white draconian hits you with a +0 flail of protection!
* * * LOW HITPOINT WARNING * * *
The death cob misses you. The moth of wrath bites you!
* * * LOW HITPOINT WARNING * * *
You puncture the death cob!
You destroy the death cob!
The yellow draconian hits you with a +0 dire flail!!
* * * LOW HITPOINT WARNING * * *
Your Fire Magic skill increases to level 18!
You feel sick. You block the white draconian's attack.
The storm dragon bites you.
* * * LOW HITPOINT WARNING * * *
The storm dragon claws you.
* * * LOW HITPOINT WARNING * * *
The storm dragon tramples you but does no damage.
The moth of wrath goads the storm dragon on!
The storm dragon goes berserk!
The yellow draconian misses you.
You hear a roar! x2
The storm dragon attacks as you move away!
You block the storm dragon's attack. The storm dragon claws you.
* * * LOW HITPOINT WARNING * * *
The storm dragon tramples you but does no damage.
You feel a strong urge to attack something.
You feel sick.
The white draconian rages.
The yellow draconian annihilator casts a spell at you.
The bolt of lightning hits the storm dragon.
The storm dragon completely resists.
The bolt of lightning hits you! You resist.
* * * LOW HITPOINT WARNING * * *
The yellow draconian misses you.
You hear a roar! x2
The storm dragon attacks as you move away!
The storm dragon completely misses you.
The storm dragon claws you but does no damage.
The storm dragon tramples you but does no damage.
You are no longer berserk.
You are exhausted.
You feel yourself slow down.
You feel sick. You block the moth of wrath's attack.
The storm dragon closely misses you.
The storm dragon claws you but does no damage.
The storm dragon tramples you but does no damage.
Unknown command.
Unknown command.
Blink to where?
Press: ? - help, Dir - move target
As you read the scroll of blinking, it crumbles to dust.
You feel sick.
The purple draconian roars!
The yellow draconian annihilator casts a spell at you.
The bolt of lightning misses you. The bolt of lightning hits you. You resist.
* * * LOW HITPOINT WARNING * * *
The yellow draconian spits acid at you. The glob of acid hits you!!
* * * LOW HITPOINT WARNING * * *
The purple draconian breathes dispelling energy at you.
The bolt of dispelling energy hits you!!
Your magical effects are unravelling.
* * * LOW HITPOINT WARNING * * *
You feel magically purged.
Your magical contamination has completely faded away.
You feel yourself speed up.
You are no longer corroded.
You feel sick. The white draconian closely misses you.
You hear a roar! x2; You hear a chilling moan.
Blink to where?
Press: ? - help, Dir - move target A red draconian scorcher, a white draconian and a green draconian monk come into view.
As you read the scroll of blinking, it crumbles to dust.
You feel sick.
The yellow draconian annihilator casts a spell.
The yellow draconian annihilator blinks!
The green draconian monk breathes poison at you.
The purple draconian shifter points at you and mumbles some strange words.
The red draconian scorcher blinks!
The yellow draconian blinks!
The moth of wrath blinks!
The green draconian monk blinks!
The white draconian blinks!
The storm dragon blinks!
The white draconian blinks!
You hear a roar!
Okay, then.
Unknown command.
Unknown command.
Casting: Dispersal (mildly dangerous; 1% risk of failure)
Confirm with . or Enter, or press ? or * to list all spells.
Casting: Dispersal (mildly dangerous; 1% risk of failure)
Press: ? - help, Dir - look around, f - activate The white draconian blinks!
The red draconian scorcher disappears!
The yellow draconian annihilator blinks!
The yellow draconian annihilator appears confused.
The yellow draconian blinks!
The moth of wrath blinks!
The white draconian disappears!
The green draconian monk blinks!
The green draconian monk appears confused.
The storm dragon blinks!
Malevolent energies surge around you.
You feel sick.
The yellow draconian annihilator hits the green draconian monk with a +0 long sword!
The green draconian monk laughs at nothing.
The purple draconian shifter mumbles some strange words.
The purple draconian shifter blinks!
The white draconian rages.
You feel yourself speed up.
You feel sick.
You are no longer poisoned.
The green draconian breathes poison at you.
The blast of poison engulfs you. You resist.
* * * LOW HITPOINT WARNING * * *
The purple draconian shifter breathes dispelling energy at you.
The bolt of dispelling energy hits you!
Your magical effects are unravelling.
* * * LOW HITPOINT WARNING * * *
The red draconian scorcher casts a spell at you.
The sphere of damnation explodes!
The damnation engulfs you!!
You die...

#################**
***********
#.............d..,,
*,,,,,,,,,*
#................,,
*,*******,*
#.....yq.d.......,, *,*
*,* #....d.q.......d.,,
*,*
*,***#y...q...........,,
*,*
*,,,,+.d...d.......dd.,,
*,****
*,***#§§☼§○...........,,
**,,,,* *,*
#○@☼D/...........,,
,,,**,* *,*
#☼☼°☼.☼......,,,,,,
**,**,* *,*
#☼☼☼☼☼§......,,,,,,
*,**,* *,*
#☼☼☼☼°☼q.....,,,,,,
*,**,* *,*
#######○..........#
****** *** *......?....#
*...........#
*************
*,,,........#
***,,,,,**,***
*,^,........#


You could see a green draconian monk (confused, catching breath), a storm dragon
(berserk), a yellow draconian (berserk), a green draconian (catching breath), 2
draconians, a purple draconian shifter (catching breath), a yellow draconian
annihilator (confused), a red draconian scorcher and 2 moths of wrath.

Vanquished Creatures
  A dread lich (Vaults:5)
  An ancient lich (Vaults:5)
  An orb of fire (Zot:1)
  A juggernaut (Depths:4)
  Sojobo (Crypt:2)
  Vv (Depths:2)
  Frederick (Depths:3)
  Margery (Crypt:2)
  A curse toe (Zot:2)
  3 caustic shrikes (Depths:4)
  6 golden dragons
  the Enchantress (Depths:1)
  A bone dragon (Depths:3)
  An electric golem (Zot:2)
  14 tentacled monstrosities
  A spectral shard shrike (Crypt:3)
  5 liches
  A walking earthen tome (Depths:3)
  A quicksilver dragon (Vaults:5)
  3 deep elf blademasters (Elf:3)
  A titan (Depths:3)
  2 deep elf master archers (Elf:3)
  6 death cobs
  5 krakens
  An ancient champion (Crypt:1)
  Polyphemus (Shoals:4)
  Frances (Elf:1)
  6 sphinxes
  Kirke (Shoals:1)
  5 storm dragons
  6 shadow dragons
  7 tengu reavers
  Agnes (D:14)
  5 nagarajas (Snake:4)
  2 draconian monks
  4 revenants
  2 deep elf sorcerers (Elf:3)
  2 daevas (Depths:1)
  4 draconian knights
  7 fire giants
  10 frost giants
  12 vault wardens
  An iron dragon (Vaults:4)
  A ghost moth (Zot:2)
  Aizul (Snake:1)
  4 spectral caustic shrikes (Depths:4)
  2 draconian scorchers (Zot:1)
  4 ghouls
  A balrug (Depths:2)
  2 orc warlords
  3 draconian shifters
  2 deep elf elementalists (Elf:3)
  4 spriggan defenders
  4 war gargoyles
  A quicksilver ooze (Slime:1)
  14 ironbound preservers
  A curse skull (Crypt:3)
  A draconian stormcaller (WizLab)
  34 very ugly things
  7 draconian annihilators
  A demonspawn black sun (Zot:1)
  17 stone giants
  3 vampire knights
  6 ironbound thunderhulks
  A caustic shrike skeleton (Depths:2)
  9 deep elf annihilators
  A spectral titan (Crypt:3)
  3 black draconians
  4 green draconians
  4 deep elf demonologists
  5 yellow draconians
  2 nameless horrors
  4 red draconians
  6 white draconians
  11 purple draconians
  10 spark wasps
  Snorg (D:14)
  9 eidola
  9 statues (WizLab)
  2 blizzard demons (Depths:2)
  5 merfolk javelineers
  13 jiangshi
  9 deep elf death magi
  2 crystal guardians
  9 ettins
  2 spectral quicksilver dragons (Crypt:3)
  9 fire dragons
  An entropy weaver (Vaults:2)
  5 spectral spriggans (Crypt:3)
  A deep elf high priest (Elf:3)
  16 yaktaur captains
  17 merfolk impalers
  6 great orbs of eyes
  12 ice dragons
  4 hydras
  5 spriggan air magi
  31 vault guards
  An ice dragon (shapeshifter) (Depths:3)
  A salamander tyrant (Snake:3)
  3 peacekeepers
  4 rakshasas
  5 merfolk avatars
  12 ironbound frosthearts
  An azure jelly zombie (Crypt:3)
  19 centaur warriors
  2 catoblepae
  9 anacondas
  15 naga warriors
  An alligator (Shoals:1)
  3 satyrs
  5 boulder beetles
  2 death knights (Vaults:2)
  4 merfolk aquamancers (Shoals:1)
  2 alligator snapping turtles
  5 two-headed ogres
  4 death yaks
  16 dancing weapons
  13 tengu warriors
  12 deep troll shamans
  16 deep troll earth magi
  2 spectral storm dragons (Crypt:3)
  9 vampire magi
  4 shock serpents
  6 orc high priests
  A spectral dire elephant (Crypt:3)
  A storm dragon zombie (Crypt:1)
  10 naga sharpshooters
  3 spriggan berserkers (Depths:1)
  A titan zombie (Crypt:1)
  19 hell knights
  3 thrashing horrors (Lair:5)
  11 deep elf knights
  Sonja (Lair:3)
  A fire crab (shapeshifter) (Vaults:5)
  7 shadow wraiths
  21 skeletal warriors
  A soul eater (Crypt:3)
  3 spectral bunyips (Crypt:3)
  3 goliath frogs (Shoals:1)
  9 iron trolls
  5 salamander mystics
  4 glowing orange brains
  A death drake (shapeshifter) (D:14)
  11 flayed ghosts
  9 sea snakes
  52 deep trolls
  21 ironbound convokers
  3 bog bodies
  7 necromancers
  6 wizards
  11 deep elf archers
  7 naga ritualists
  16 phantasmal warriors
  A spectral iron dragon (Crypt:3)
  39 harpies
  A spectral ice dragon (Crypt:3)
  35 deep elf zephyrmancers
  10 lindwurms
  12 orc knights
  21 deep elf pyromancers
  3 mana vipers
  A spectral fire dragon (Crypt:3)
  A frost giant zombie (Depths:2)
  17 manticores
  16 fauns
  15 salamanders
  5 orc sorcerers (Orc:2)
  15 elephants
  A salamander (shapeshifter) (Vaults:5)
  10 moths of wrath
  51 ugly things
  6 cyclopes
  7 merfolk sirens
  21 naga magi
  An elephant (shapeshifter) (Elf:1)
  15 vault sentinels
  Joseph (D:10)
  An eleionoma skeleton (Crypt:2)
  15 black mambas
  An eye of devastation (shapeshifter) (Vaults:5)
  4 guardian serpents (Snake:3)
  5 water nymphs
  A torpor snail (Lair:5)
  2 titan simulacra
  A gargoyle (D:11)
  Psyche (D:12)
  10 cane toads
  2 smoke demons (Lair:5)
  An alligator snapping turtle zombie (Crypt:1)
  A cane toad (shapeshifter) (D:15)
  A bunyip simulacrum (Crypt:3)
  5 komodo dragons
  A redback zombie (Crypt:3)
  2 kobold demonologists
  28 yaktaurs
  3 rime drakes
  14 freezing wraiths
  An orb spider zombie (Crypt:1)
  A black draconian skeleton (Crypt:1)
  A green draconian skeleton (Crypt:1)
  A mana viper zombie (Crypt:3)
  25 tengu conjurers
  A spectral naga (Crypt:3)
  An ancient zyme (Lair:5)
  A spectral harpy (Crypt:3)
  A death drake zombie (Crypt:1)
  2 trolls
  54 merfolk
  5 polar bears
  30 blink frogs
  A meliai (shapeshifter) (Vaults:5)
  5 wind drakes
  A death drake skeleton (Crypt:3)
  29 slime creatures
  Prince Ribbit (Lair:3)
  19 snapping turtles
  4 hornets
  A boulder beetle zombie (Crypt:1)
  A guardian serpent skeleton (Crypt:3)
  17 dream sheep
  2 air elementals
  6 wraiths
  A satyr skeleton (Crypt:2)
  3 shadows
  8 spriggans
  4 wyverns
  11 water elementals
  41 yaks
  A culicivora (Vaults:2)
  A ynoxinul (Lair:5)
  A vampire (D:11)
  6 hogs (Shoals:1)
  A naga simulacrum (Crypt:3)
  7 basilisks
  3 golden eyes (Slime:1)
  2 chaos spawn (Lair:5)
  2 steam dragons
  2 fire elementals
  Grum (D:9)
  A minotaur simulacrum (Crypt:3)
  9 vampire mosquitoes
  6 wargs
  40 nagas
  2 swamp worms (Lair:3)
  12 water moccasins
  An entropy weaver zombie (Crypt:2)
  A glowing shapeshifter zombie (Depths:2)
  9 small abominations (Lair:5)
  3 acid dragons
  52 orc warriors
  3 sky beasts
  A black mamba simulacrum (Crypt:3)
  8 ogres
  3 black bears
  A black bear (shapeshifter) (Lair:5)
  A hornet zombie (Crypt:3)
  3 large abominations (Lair:5)
  A centaur (shapeshifter) (Vaults:5)
  A hog zombie (Crypt:3)
  21 wolves
  5 boggarts
  26 centaurs
  2 kobold brigands
  2 phantoms
  9 bullfrogs
  An earth elemental (Elf:3)
  A necrophage (D:8)
  A gnoll sergeant (D:10)
  2 scorpions
  8 wights
  A wyvern skeleton (Crypt:3)
  The ghost of heikuro the Shield-Bearer, a weakling FoFi (D:3)
  12 killer bees
  18 electric eels
  5 howler monkeys
  4 hounds
  2 jellies
  2 gnoll boudas (D:9)
  Crazy Yiuf (D:4)
  34 orc priests
  A black bear skeleton (Crypt:2)
  A centaur skeleton (Crypt:2)
  2 iguanas
  30 orc wizards
  A boggart skeleton (Crypt:3)
  25 gnolls
  5 adders
  A shadow imp (D:7)
  A steam dragon skeleton (Crypt:2)
  2 white imps
  An ufetubus (D:5)
  2 worms (D:2)
  3 dart slugs
  122 orcs
  5 endoplasms
  3 giant cockroaches
  7 goblins
  8 hobgoblins
  3 jackals (D:3)
  2 quokkas
  8 ball pythons
  3 bats
  An endoplasm zombie (Crypt:2)
  5 frilled lizards
  A giant cockroach zombie (Crypt:3)
  A jackal skeleton (Crypt:1)
  18 kobolds
  6 rats
  12 tentacles
2209 creatures vanquished.

Vanquished Creatures (collateral kills)
  An orb of fire (Zot:1)
  Mara (Shoals:3)
  Mennas (Vaults:2)
  3 golden dragons
  A caustic shrike (Depths:3)
  Jory (Vaults:4)
  An electric golem (Zot:2)
  A Brimstone Fiend (Depths:2)
  4 tentacled monstrosities
  A deep elf blademaster (Elf:3)
  The ghost of Ryaff the Imperceptible, an adept FeVM of Ru (Depths:4)
  3 quicksilver dragons
  2 death cobs (Zot:2)
  3 storm dragons (Zot:2)
  4 draconian knights
  A draconian monk (Zot:1)
  A frost giant (Vaults:5)
  2 vault wardens (Vaults:5)
  A deep elf sorcerer (Elf:3)
  A ghost moth (Zot:2)
  3 draconian scorchers
  A draconian stormcaller (Zot:2)
  A cacodemon (Depths:2)
  2 draconian annihilators (Zot:1)
  A draconian shifter (Zot:2)
  6 green draconians
  3 demonspawn black suns (Zot:1)
  3 purple draconians
  A deep elf demonologist (Elf:3)
  2 black draconians (Zot:2)
  3 yellow draconians
  5 white draconians
  A red draconian (Zot:2)
  2 merfolk javelineers (Shoals:4)
  A merfolk impaler (Shoals:4)
  A dancing weapon (Elf:1)
  A naga warrior (Snake:1)
  2 merfolk aquamancers
  A spriggan berserker (Depths:3)
  An ironbound convoker (Vaults:5)
  A harpy (Shoals:4)
  A deep elf zephyrmancer (Elf:3)
  A faun (Shoals:3)
  A merfolk siren (Shoals:3)
  A guardian serpent (shapeshifter) (Vaults:5)
  A demonic crawler (Lair:3)
  A merfolk (Shoals:4)
  A snapping turtle (Shoals:3)
83 creatures vanquished.

Vanquished Creatures (others)
  Asterion (Depths:2)
  A fire dragon (Depths:3)
  3 demonspawn (D:1)
  A deep elf zephyrmancer (Elf:3)
  A faun (Shoals:2)
  A gargoyle (D:1)
  A vine stalker (D:1)
  A yaktaur (Vaults:4)
  An elf (D:1)
  A spriggan (D:1)
  3 humans (D:1)
  A naga (D:1)
  2 dwarves (D:1)
  2 tengu (D:1)
  An orc wizard (Orc:2)
  A gnoll (D:6)
  26 fungi
  192 plants
  97 tentacles
  2 withered plants (Depths:4)
339 creatures vanquished.

Grand Total: 2631 creatures vanquished

Notes
Turn   | Place    | Note
-------+----------+-------------------------------------------
     0 | D:1      | sleeves the Demonspawn Cinder Acolyte began the quest for
                  | the Orb.
     0 | D:1      | Reached XP level 1. HP: 18/18 MP: 2/2
     2 | D:1      | Killed a vine stalker
     4 | D:1      | Killed a tengu
     5 | D:1      | Noticed an elf
     5 | D:1      | Noticed a dwarf
     5 | D:1      | Noticed a human
     5 | D:1      | Noticed a gargoyle
     5 | D:1      | Noticed a tengu
     5 | D:1      | Noticed a kraken
     5 | D:1      | Noticed a spriggan
     5 | D:1      | Noticed a demonspawn
     5 | D:1      | Noticed a human
     5 | D:1      | Noticed a demonspawn
     5 | D:1      | Noticed a naga
     5 | D:1      | Noticed a dwarf
     5 | D:1      | Noticed a demonspawn
     5 | D:1      | Noticed a human
     6 | D:1      | Killed a tengu
     6 | D:1      | Killed an elf
     8 | D:1      | Killed a gargoyle
     9 | D:1      | Killed a human
    10 | D:1      | Killed a dwarf
    11 | D:1      | Killed a dwarf
    11 | D:1      | Killed a human
    12 | D:1      | Killed a spriggan
    12 | D:1      | Killed a naga
    14 | D:1      | Killed a demonspawn
    16 | D:1      | Killed a human
    16 | D:1      | Killed a demonspawn
    20 | D:1      | Killed a demonspawn
    67 | D:1      | HP: 9/18 [endoplasm (1)]
   154 | D:1      | Reached skill level 3 in Long Blades
   208 | D:1      | Found a faded altar of an unknown god.
   212 | D:1      | HP: 9/18 [kobold/+0 short sword (4)]
   275 | D:1      | Gained mutation: Spells you cast may paralyse adjacent
                  | enemies. [demonic ancestry]
   275 | D:1      | Reached XP level 2. HP: 24/24 MP: 3/3
   941 | D:2      | Reached XP level 3. HP: 27/29 MP: 4/4
   973 | D:2      | Found a radiant altar of Vehumet.
  1181 | D:2      | Reached skill level 4 in Long Blades
  1201 | D:2      | Reached skill level 1 in Armour
  1394 | D:3      | Found a transporter.
  1404 | D:3      | Gained mutation: You are partially covered in slimy green
                  | scales. (AC +2) [demonic ancestry]
  1404 | D:3      | Reached XP level 4. HP: 35/35 MP: 5/5
  1404 | D:3      | Found a transporter.
  1748 | D:3      | Reached skill level 2 in Armour
  1802 | D:3      | Gained mutation: You have a small tail. [demonic ancestry]
  1802 | D:3      | Reached XP level 5. HP: 31/41 MP: 6/6
  1988 | D:3      | Noticed heikuro's ghost (weakling FoFi)
  2369 | D:4      | You fall into a shaft and drop 3 floors!
  2402 | D:7      | Learned a level 2 spell: Scorch
  2510 | D:7      | Reached skill level 5 in Long Blades
  2510 | D:7      | Reached skill level 3 in Armour
  2561 | D:7      | Gained mutation: Spells you cast may paralyse nearby
                  | enemies. [demonic ancestry]
  2561 | D:7      | Reached XP level 6. HP: 47/47 MP: 4/7
  2857 | D:5      | Entered Level 5 of the Dungeon
  2990 | D:4      | Found a blossoming altar of Fedhas.
  3012 | D:4      | Reached skill level 4 in Armour
  3046 | D:4      | Reached XP level 7. HP: 52/52 MP: 5/8
  3279 | D:4      | Reached skill level 6 in Long Blades
  3467 | D:4      | Reached skill level 5 in Armour
  3635 | D:4      | Found a runed translucent door.
  3636 | D:4      | Noticed Crazy Yiuf
  4024 | D:4      | Killed Crazy Yiuf
  4122 | D:5      | Found a snail-covered altar of Cheibriados.
  4218 | D:5      | Reached skill level 3 in Fire Magic
  4268 | D:5      | Reached XP level 8. HP: 58/58 MP: 5/10
  4347 | D:5      | Reached skill level 7 in Long Blades
  4347 | D:5      | Reached skill level 2 in Spellcasting
  4602 | D:5      | Found a bloodstained altar of Trog.
  5390 | D:6      | Found Noag's Weapon Emporium.
  5519 | D:6      | Reached skill level 1 in Shields
  5519 | D:6      | Reached skill level 3 in Spellcasting
  5519 | D:6      | Reached skill level 4 in Fire Magic
  5560 | D:6      | Found Miel's Weapon Shoppe.
  5663 | D:6      | Found a staircase to the Ecumenical Temple.
  5965 | D:7      | Found Geroajukhle's Lightly-Used Armoury.
  5987 | D:7      | Reached skill level 2 in Shields
  6109 | D:7      | Reached XP level 9. HP: 63/63 MP: 9/14
  6398 | D:7      | Reached skill level 4 in Spellcasting
  6444 | D:7      | Reached skill level 8 in Long Blades
  6444 | D:7      | Reached skill level 5 in Fire Magic
  6522 | D:7      | Reached skill level 3 in Shields
  6886 | D:7      | Reached skill level 5 in Spellcasting
  7065 | D:8      | Reached skill level 4 in Shields
  7134 | D:8      | Found Acwuosch's Antique Armour Boutique.
  7136 | D:8      | Found a shimmering blue altar of Sif Muna.
  7155 | D:8      | Found a shimmering altar of Xom.
  7155 | D:8      | Found an opulent altar of Gozag.
  7155 | D:8      | Found an iron altar of Okawaru.
  7156 | D:8      | Found an ornate altar of the Wu Jian Council.
  7647 | D:9      | Reached skill level 9 in Long Blades
  7660 | D:9      | Reached skill level 5 in Shields
  7806 | D:9      | Reached XP level 10. HP: 69/70 MP: 17/17
  7845 | D:9      | Noticed Grum
  7861 | D:9      | HP: 25/70 [Grum/+1 glaive (21)]
  7866 | D:8      | HP: 29/70 [something (2)]
  7920 | D:9      | Found a staircase to the Lair.
  8043 | D:8      | Noticed a boulder beetle
  8044 | D:8      | Noticed a two-headed ogre
  8246 | D:9      | Reached skill level 6 in Shields
  8517 | D:9      | Noticed an elephant
  8553 | D:9      | HP: 34/70 [elephant (14)]
  8563 | D:9      | HP: 29/70 [elephant (2)]
  8567 | D:9      | HP: 11/70 [elephant (10)]
  8569 | D:9      | Killed an elephant
  8671 | D:9      | Learned a level 4 spell: Sticky Flame
  8676 | D:9      | Learned a level 4 spell: Flame Wave
  8781 | D:9      | HP: 32/70 [electric eel/bolt of electricity (7)]
  8783 | D:9      | Reached skill level 10 in Long Blades
  9070 | D:9      | Reached skill level 6 in Fire Magic
  9275 | D:9      | Killed Grum
  9527 | D:9      | Reached skill level 7 in Fire Magic
  9581 | D:10     | Entered Level 10 of the Dungeon
  9581 | D:10     | Noticed a two-headed ogre
  9586 | D:10     | Killed a two-headed ogre
  9962 | D:10     | Reached skill level 8 in Fire Magic
 10127 | D:10     | Gained mutation: You are mostly covered in slimy green
                  | scales. (AC +3) [demonic ancestry]
 10127 | D:10     | Reached XP level 11. HP: 75/75 MP: 15/18
 10364 | D:10     | Noticed Joseph
 10380 | D:10     | Killed Joseph
 10385 | D:10     | HP: 37/75 [orc warrior/+0 glaive (14)]
 10784 | D:10     | Found a burning altar of Makhleb.
 10876 | D:10     | Reached skill level 9 in Fire Magic
 10898 | D:10     | Found a staircase to the Orcish Mines.
 11143 | D:11     | Reached skill level 1 in Conjurations
 11381 | D:11     | Noticed a two-headed ogre
 11497 | D:11     | Reached skill level 2 in Conjurations
 11553 | D:11     | Noticed a boulder beetle
 11594 | D:11     | Killed a boulder beetle
 11595 | D:11     | Reached skill level 3 in Conjurations
 11713 | D:11     | Noticed a boulder beetle
 11733 | D:11     | Killed a boulder beetle
 11883 | D:11     | Noticed a boulder beetle
 11897 | D:11     | Killed a boulder beetle
 11898 | D:11     | Reached skill level 4 in Conjurations
 11898 | D:11     | Reached skill level 10 in Fire Magic
 12209 | D:11     | Killed a two-headed ogre
 12210 | D:11     | Reached skill level 5 in Conjurations
 12300 | D:11     | Noticed a cyan ugly thing
 12307 | D:11     | Killed a cyan ugly thing
 12400 | D:11     | Found Jimaized's Weapon Emporium.
 12524 | D:11     | Reached skill level 6 in Conjurations
 12700 | D:12     | Noticed a two-headed ogre
 13039 | D:12     | HP: 36/75 [two-headed ogre/+0 giant club (26)]
 13248 | D:12     | Noticed Psyche
 13277 | D:11     | Killed a two-headed ogre
 13278 | D:11     | Reached skill level 1 in Dodging
 13369 | D:12     | Noticed a centaur warrior
 13372 | D:12     | HP: 23/75 [centaur warrior/arrow (23)]
 13377 | D:12     | Killed a centaur warrior
 13378 | D:12     | Reached skill level 7 in Conjurations
 13449 | D:12     | Gained mutation: You have a tail ending in a sharp stinger.
                  | [demonic ancestry]
 13449 | D:12     | Reached XP level 12. HP: 81/81 MP: 15/19
 13517 | D:12     | Killed Psyche
 13518 | D:12     | Reached skill level 2 in Dodging
 13551 | D:12     | Reached skill level 7 in Shields
 13805 | D:12     | HP: 34/81 [warg[an orc knight] (9)]
 14281 | D:12     | Reached skill level 3 in Dodging
 14494 | D:13     | Noticed a centaur warrior
 14503 | D:13     | Killed a centaur warrior
 14559 | D:13     | Reached skill level 8 in Conjurations
 14839 | D:13     | Found a runed translucent door.
 14847 | D:13     | Found a runed translucent door.
 14848 | D:13     | Noticed an orc warlord
 14849 | D:13     | Noticed a death knight
 14849 | D:13     | Noticed a lich
 14849 | D:13     | Noticed a yaktaur captain
 14850 | D:13     | Noticed Fugryada's ghost (journeyman VSEn)
 15172 | D:13     | Reached skill level 4 in Dodging
 15262 | D:13     | Identified the amulet of Dodghor {RegenMP Fly}
 15296 | D:13     | Noticed a centaur warrior
 15304 | D:13     | Killed a centaur warrior
 15411 | D:13     | Noticed a centaur warrior
 15424 | D:13     | Killed a centaur warrior
 15425 | D:13     | Reached skill level 8 in Shields
 15757 | Lair:1   | Entered Level 1 of the Lair of Beasts
 16042 | Lair:1   | Reached skill level 5 in Dodging
 16121 | Lair:1   | Reached skill level 9 in Conjurations
 17017 | Lair:2   | Found a staircase to the Snake Pit.
 17026 | Lair:2   | Reached skill level 1 in Stealth
 17143 | Lair:2   | Noticed a catoblepas
 17156 | Lair:2   | Killed a catoblepas
 17682 | Lair:2   | Found a runed translucent door.
 17683 | Lair:2   | Noticed Gyitair's ghost (journeyman DDFi)
 17784 | Lair:3   | Reached skill level 9 in Shields
 17785 | Lair:3   | Noticed Prince Ribbit
 17797 | Lair:3   | Gained mutation: You are completely covered in slimy green
                  | scales. (AC +4, rPois) [demonic ancestry]
 17797 | Lair:3   | Reached XP level 13. HP: 74/88 MP: 3/20
 17799 | Lair:3   | Killed Prince Ribbit
 17803 | Lair:3   | Reached skill level 2 in Stealth
 18165 | Lair:3   | Reached skill level 4 in Fighting
 18734 | Lair:3   | Reached skill level 3 in Stealth
 19054 | Lair:3   | Reached skill level 10 in Conjurations
 19213 | Lair:3   | Found a staircase to the Shoals.
 19254 | Lair:3   | Noticed Sonja
 19264 | Lair:3   | Killed Sonja
 19391 | Lair:3   | Reached skill level 5 in Fighting
 19448 | Lair:3   | Reached skill level 1 in Earth Magic
 19628 | Lair:3   | Reached skill level 4 in Stealth
 20395 | Lair:4   | Reached skill level 2 in Earth Magic
 21178 | Lair:5   | Entered Level 5 of the Lair of Beasts
 21184 | Lair:5   | Found a runed translucent door.
 21189 | Lair:5   | Found a staircase to the Slime Pits.
 21490 | Lair:4   | Reached skill level 6 in Fighting
 21490 | Lair:4   | Reached skill level 5 in Stealth
 21640 | Lair:5   | Reached skill level 10 in Shields
 21651 | Lair:4   | Reached skill level 3 in Earth Magic
 22414 | Lair:5   | Reached skill level 4 in Earth Magic
 22532 | Lair:5   | Learned a level 5 spell: Lee's Rapid Deconstruction
 22632 | Lair:5   | Reached skill level 6 in Stealth
 22658 | Lair:5   | Reached skill level 7 in Fighting
 22658 | Lair:5   | Reached XP level 14. HP: 103/103 MP: 5/21
 22858 | Lair:5   | Reached skill level 5 in Earth Magic
 23000 | Lair:5   | HP: 45/103 [five-headed hydra (13)]
 23307 | Lair:5   | Reached skill level 6 in Earth Magic
 24391 | Lair:5   | Reached skill level 7 in Earth Magic
 25158 | Lair:5   | Reached skill level 8 in Earth Magic
 25675 | Lair:5   | Found a corrupted altar of Lugonu.
 25675 | Lair:5   | Found a one-way gate to the infinite horrors of the Abyss.
 25966 | D:14     | Reached skill level 9 in Earth Magic
 26809 | D:14     | Noticed Snorg
 26816 | D:14     | Killed Snorg
 26817 | D:14     | Reached skill level 10 in Earth Magic
 26872 | D:14     | Identified the +1 pair of gloves of the Gastropod {rElec
                  | rF++ Dex-2 SInv}
 27104 | D:14     | Reached skill level 6 in Spellcasting
 27243 | D:14     | Found a gate to the Vaults.
 27355 | D:15     | Entered Level 15 of the Dungeon
 27379 | D:15     | Identified a scroll of acquirement
 27561 | Orc:1    | Entered Level 1 of the Orcish Mines
 28273 | Orc:2    | Entered Level 2 of the Orcish Mines
 30023 | Orc:2    | Found a staircase to the Elven Halls.
 30109 | Orc:2    | Reached skill level 6 in Armour
 30109 | Orc:2    | Gained mutation: You regenerate a little health from kills.
                  | [demonic ancestry]
 30109 | Orc:2    | Reached XP level 15. HP: 95/108 MP: 7/25
 30283 | Orc:2    | Reached skill level 7 in Spellcasting
 31224 | Orc:2    | Found Xihuskeu's Book Shop.
 31308 | Orc:2    | Found Ecurim's Weapon Shoppe.
 31672 | Orc:2    | Found Lianail's Weapon Boutique.
 31977 | Orc:2    | Reached skill level 7 in Armour
 32111 | Orc:2    | Reached skill level 8 in Spellcasting
 32193 | Orc:2    | Found Omiky's General Store.
 32670 | D:3      | Killed heikuro's ghost
 32796 | D:3      | Acquired 772 gold pieces
 33219 | D:15     | Noticed Agnes
 33471 | Snake:1  | Entered Level 1 of the Snake Pit
 34037 | Snake:1  | Reached skill level 8 in Fighting
 34159 | Snake:1  | Noticed Aizul
 34556 | Snake:1  | Killed Aizul
 34602 | Snake:1  | Reached skill level 8 in Armour
 35113 | Snake:2  | You fall into a shaft and drop 1 floor!
 35497 | Snake:2  | Reached skill level 9 in Fighting
 35704 | Snake:2  | Reached skill level 9 in Spellcasting
 35937 | Snake:2  | Identified the +6 spear of Ogoestrysm {antimagic, rF- rC-
                  | Int+6 SInv}
 37426 | Snake:3  | Gained mutation: Spells you cast and wands you use may
                  | paralyse nearby enemies. [demonic ancestry]
 37426 | Snake:3  | Reached XP level 16. HP: 122/122 MP: 15/29
 37511 | Snake:3  | Reached skill level 10 in Fighting
 37511 | Snake:3  | Reached skill level 11 in Earth Magic
 37936 | Snake:3  | Found Xythiatz's Armour Shop.
 37938 | Snake:3  | Found Wesmamomp's Magic Scroll Boutique.
 37938 | Snake:3  | Found Cil Joff's Assorted Antiques.
 37941 | Snake:3  | Found Yrohig's Magic Scroll Boutique.
 37969 | Snake:3  | Bought a scroll of teleportation for 45 gold pieces
 37969 | Snake:3  | Bought a scroll of enchant armour for 112 gold pieces
 37977 | Snake:3  | Bought a scroll of identify for 52 gold pieces
 37983 | Snake:3  | Bought a scroll of identify for 28 gold pieces
 37983 | Snake:3  | Bought 2 scrolls of identify for 56 gold pieces
 37983 | Snake:3  | Bought a scroll of fear for 56 gold pieces
 37983 | Snake:3  | Bought 2 scrolls of summoning for 266 gold pieces
 37986 | Snake:3  | Bought a scroll of identify for 30 gold pieces
 37986 | Snake:3  | Bought a scroll of identify for 30 gold pieces
 38453 | Snake:3  | Found a shadowy altar of Dithmenos.
 38614 | Snake:3  | Reached skill level 9 in Armour
 38781 | Snake:3  | Got the Compilation of Unholy Mysteries and Feathers
 38808 | Snake:4  | Entered Level 4 of the Snake Pit
 39244 | Snake:4  | HP: 56/124 [naga warrior/+0 glaive (37)]
 39524 | Snake:3  | HP: 62/124 [naga sharpshooter/bolt (16)]
 39731 | Snake:3  | Reached skill level 11 in Fighting
 40061 | Snake:3  | HP: 62/125 [poisoned by a nagaraja (poison arrow)]
 40066 | Snake:3  | HP: 62/125 [poisoned by a nagaraja (poison arrow)]
 40188 | Snake:4  | Reached skill level 10 in Spellcasting
 41178 | Snake:4  | Reached skill level 12 in Fighting
 41775 | Snake:4  | Reached skill level 10 in Armour
 41775 | Snake:4  | Reached skill level 12 in Earth Magic
 42227 | Snake:4  | Reached skill level 13 in Fighting
 42227 | Snake:4  | HP: 64/130 [naga sharpshooter/arrow (3)]
 42232 | Snake:3  | HP: 60/130 [poisoned by a naga ritualist (toxic radiance)]
 42714 | Snake:4  | Got a serpentine rune of Zot
 43109 | Shoals:1 | Entered Level 1 of the Shoals
 43109 | Shoals:1 | Found Geofulas's Assorted Antiques.
 43221 | Shoals:1 | Reached skill level 14 in Fighting
 43506 | Shoals:1 | Found Mookheod's Assorted Antiques.
 43787 | Shoals:1 | Noticed Kirke
 44083 | Shoals:1 | Noticed a kraken
 44519 | Shoals:1 | Killed Kirke
 44520 | Shoals:1 | Gained mutation: You have a sharp stinger which inflicts
                  | weakening toxins. [demonic ancestry]
 44520 | Shoals:1 | Reached XP level 17. HP: 140/140 MP: 18/31
 44605 | Shoals:1 | HP: 69/140 [merfolk/+0 trident (6)]
 45061 | Shoals:1 | Reached skill level 11 in Conjurations
 45157 | Shoals:1 | Found a runed translucent door.
 45164 | Shoals:1 | Noticed a kraken
 45178 | Shoals:1 | Noticed a kraken
 45180 | Shoals:1 | HP: 62/140 [kraken (19)]
 45201 | Shoals:1 | Reached skill level 15 in Fighting
 45355 | Shoals:1 | HP: 65/142 [merfolk/+0 war axe of electrocution (11)]
 45679 | Shoals:1 | Killed a kraken
 45964 | Shoals:1 | Killed a kraken
 45965 | Shoals:1 | Reached skill level 12 in Conjurations
 46151 | Shoals:1 | Noticed a kraken
 46464 | Shoals:1 | Killed a kraken
 46689 | Shoals:1 | Killed a kraken
 47110 | Shoals:2 | Reached skill level 13 in Conjurations
 47245 | Shoals:2 | Got Sif Muna's Secrets of Terra Firma and Coordinates
 47250 | Shoals:2 | Learned a level 3 spell: Mephitic Cloud
 47255 | Shoals:2 | Learned a level 4 spell: Iskenderun's Mystic Blast
 48025 | Shoals:2 | Reached skill level 14 in Conjurations
 48651 | Shoals:3 | HP: 64/142 [alligator snapping turtle (20)]
 48824 | Shoals:3 | Noticed Mara
 48946 | Shoals:2 | Learned a level 4 spell: Passage of Golubria
 49220 | Shoals:3 | Killed Mara
 49221 | Shoals:3 | Reached skill level 1 in Translocations
 49242 | Shoals:3 | Reached skill level 2 in Translocations
 49460 | Shoals:3 | Reached skill level 3 in Translocations
 49780 | Shoals:3 | Reached skill level 15 in Conjurations
 49802 | Shoals:3 | Reached XP level 18. HP: 96/149 MP: 22/32
 49810 | Shoals:3 | HP: 68/149 [manticore/volley of spikes (16)]
 49877 | Shoals:3 | Reached skill level 4 in Translocations
 50870 | Shoals:4 | Entered Level 4 of the Shoals
 50948 | Shoals:4 | Noticed Polyphemus
 50969 | Shoals:3 | HP: 74/149 [death yak[Polyphemus] (5)]
 51149 | Shoals:4 | Reached skill level 5 in Translocations
 51475 | Shoals:4 | Killed Polyphemus
 52002 | Shoals:4 | Reached skill level 6 in Translocations
 52004 | Shoals:4 | HP: 69/149 [merfolk aquamancer/torrent of water (34)]
 52009 | Shoals:4 | HP: 74/149 [merfolk aquamancer/+0 rapier (1)]
 52018 | Shoals:4 | HP: 74/149 [harpy (5)]
 52025 | Shoals:4 | HP: 74/149 [merfolk javelineer/silver javelin (1)]
 52030 | Shoals:4 | HP: 65/149 [merfolk javelineer/silver javelin (7)]
 52035 | Shoals:4 | HP: 45/149 [merfolk javelineer/silver javelin (1)]
 52069 | Shoals:4 | Reached skill level 16 in Conjurations
 52309 | Shoals:4 | Got a barnacled rune of Zot
 52617 | Shoals:4 | Identified the +9 flail of Death's Door {spect, rCorr}
 52704 | Shoals:4 | Reached skill level 7 in Translocations
 53650 | Vaults:1 | Entered Level 1 of the Vaults
 53684 | Vaults:1 | HP: 67/149 [yaktaur[a yaktaur captain] (12)]
 53821 | Vaults:1 | HP: 56/149 [yaktaur/bolt[a yaktaur captain] (26)]
 53919 | Vaults:1 | HP: 74/149 [deep troll[an ironbound preserver] (10)]
 54074 | Vaults:1 | HP: 62/149 [yaktaur captain (17)]
 54289 | Vaults:1 | Reached skill level 8 in Translocations
 54763 | Vaults:1 | Found a runed translucent gate.
 54763 | Vaults:1 | Found a runed translucent gate.
 54763 | Vaults:1 | Found a runed translucent gate.
 54763 | Vaults:1 | Noticed Ezureorgha's ghost (adept HOFi)
 54862 | Vaults:1 | HP: 55/149 [vault warden/+3 glaive of venom (23)]
 54867 | Vaults:1 | HP: 52/149 [poisoned by a vault warden]
 54987 | Vaults:1 | HP: 67/149 [vault warden/+3 glaive of venom (27)]
 54992 | Vaults:1 | HP: 41/149 [vault warden/+3 glaive of venom (4)]
 55005 | Vaults:1 | HP: 60/149 [vault guard/+0 war axe[a vault warden] (4)]
 55220 | Vaults:1 | Reached skill level 17 in Conjurations
 55949 | Vaults:1 | Reached XP level 19. HP: 155/155 MP: 28/33
 56363 | Vaults:2 | Found Ebahum's Jewellery Shop.
 56618 | Vaults:2 | Reached skill level 9 in Translocations
 56665 | Vaults:2 | Noticed Mennas
 56671 | Vaults:1 | HP: 70/155 [slime creature (24)]
 56680 | Vaults:1 | HP: 70/155 [slime creature (6)]
 57072 | Elf:1    | Entered Level 1 of the Elven Halls
 57093 | Elf:1    | Noticed Frances
 57112 | Elf:1    | HP: 63/155 [red devil/+1 demon trident of venom[Frances]
                  | (15)]
 57338 | Elf:1    | Killed Frances
 57339 | Elf:1    | Reached skill level 6 in Dodging
 57457 | Elf:1    | Found a magical portal.
 57495 | WizLab   | Entered Iskenderun's Mystic Tower
 59732 | WizLab   | Got Iskenderun's Papyrus of Hurting
 59732 | WizLab   | Got Iskenderun's Compilation of Arcane Weapons
 59740 | WizLab   | Learned a level 6 spell: Starburst
 60297 | WizLab   | Learned a level 5 spell: Fireball
 60460 | Elf:1    | Reached skill level 11 in Armour
 60481 | Elf:1    | Reached skill level 11 in Shields
 60544 | Elf:1    | Paralysed by an air elemental for 1 turns
 60550 | Elf:1    | Paralysed by an air elemental for 1 turns
 60556 | Elf:1    | Paralysed by an air elemental for 1 turns
 60825 | Elf:1    | Reached skill level 7 in Dodging
 61372 | Elf:1    | Reached skill level 10 in Translocations
 61574 | Elf:1    | Got the Handbook of Outbursts
 61723 | Elf:1    | Found Satruipp's Distillery.
 62353 | Elf:1    | Found a radiant altar of Vehumet.
 62598 | Elf:1    | HP: 77/155 [+1 flail of protection (6)]
 63235 | Elf:2    | Found a runed translucent gate.
 63235 | Elf:2    | Found a runed translucent gate.
 63236 | Elf:2    | Found a runed translucent gate.
 63397 | Elf:3    | Entered Level 3 of the Elven Halls
 64135 | Elf:3    | Gained mutation: You are robust. (+10% HP) [demonic
                  | ancestry]
 64135 | Elf:3    | Reached XP level 20. HP: 155/178 MP: 23/34
 64865 | Elf:3    | Reached skill level 8 in Dodging
 65739 | Elf:3    | Identified the +2 flail of the Unbearable God {speed,
                  | Fragile Fly Will+++ Str+3}
 66409 | Elf:3    | Reached skill level 11 in Spellcasting
 66759 | Elf:3    | HP: 67/154 [ghostly deep elf blademaster/+2 rapier of
                  | draining (16)]
 67287 | Elf:3    | Identified the +7 dagger "Nuofriut" {vorpal, rN+ Int+3
                  | Dex+6}
 67586 | Elf:3    | Identified the +11 battleaxe "Lahueriasu" {elec, +Blink
                  | rCorr}
 67822 | Elf:3    | Identified the +2 pair of gloves "Ogguz" {rN++}
 67834 | Elf:3    | Got the Guidebook on Shadowy Grit
 67915 | Elf:3    | Found the +9 heavy crossbow "Sniper" {vorpal, Acc+∞ SInv}
 67931 | Elf:3    | Got the Grimoire of the Frigid Escort
 67933 | Elf:3    | Got Sif Muna's Anthology of the Aerial Pyromaniac
 68278 | D:14     | Killed Agnes
 68615 | D:15     | Reached skill level 13 in Earth Magic
 68968 | D:15     | Found a staircase to the Depths.
 69394 | Depths:1 | Entered Level 1 of the Depths
 69400 | Depths:1 | Reached skill level 9 in Dodging
 69984 | D:15     | HP: 64/178 [stone giant (31)]
 69996 | D:15     | Reached skill level 18 in Conjurations
 70333 | Depths:1 | Found a one-way gateway to a ziggurat.
 70952 | D:15     | HP: 83/178 [iron troll (14)]
 71258 | Depths:1 | Reached skill level 11 in Fire Magic
 71430 | Depths:1 | Reached skill level 10 in Dodging
 71875 | Depths:1 | Found Upuleysh's Book Shoppe.
 71877 | Depths:1 | Found Unikk's Jewellery Boutique.
 71878 | Depths:1 | Found Dyogh's Book Shoppe.
 72380 | Depths:1 | Noticed the Enchantress
 72397 | Depths:1 | HP: 85/178 [spriggan defender/+3 flail of protection[the
                  | Enchantress] (10)]
 72544 | Depths:1 | Found Zasaecw's Jewellery Shop.
 72563 | Depths:1 | Found a gateway to Hell.
 72724 | Depths:1 | Reached skill level 12 in Fire Magic
 72895 | Depths:1 | Found a hazy altar of Hepliaklqana.
 73109 | Depths:1 | Gained mutation: You are very robust. (+20% HP) [demonic
                  | ancestry]
 73109 | Depths:1 | Reached XP level 21. HP: 118/201 MP: 7/36
 73117 | Depths:1 | HP: 96/201 [tengu warrior/+3 battleaxe (9)]
 73123 | Depths:1 | HP: 80/201 [tengu warrior/+3 battleaxe (14)]
 73608 | Depths:1 | Killed the Enchantress
 73789 | Depths:1 | Reached skill level 13 in Fire Magic
 74870 | Depths:2 | Noticed Asterion
 75094 | Depths:2 | Reached skill level 14 in Fire Magic
 76092 | Depths:2 | Noticed Vv
 76211 | Depths:2 | HP: 73/201 [frost giant/bolt of cold (31)]
 76554 | Depths:2 | Killed Asterion
 77129 | Depths:2 | Found a one-way gate leading to the halls of Pandemonium.
 77375 | Depths:2 | Noticed a golden dragon
 77416 | Depths:2 | Killed a golden dragon
 77417 | Depths:2 | Reached skill level 15 in Fire Magic
 77940 | Vaults:2 | Found Baomotimpe's Magic Scroll Boutique.
 78655 | Vaults:2 | Got the Tractate on Dynamic Silt
 78965 | Vaults:2 | HP: 94/201 [Mennas/+4 eudemon blade of holy wrath (15)]
 78971 | Vaults:2 | Killed Mennas
 79328 | Vaults:2 | Found Ziummenn's Magic Scroll Shoppe.
 79335 | Vaults:2 | Bought a scroll of amnesia for 52 gold pieces
 79335 | Vaults:2 | Bought a scroll of enchant weapon for 97 gold pieces
 79335 | Vaults:2 | Bought a scroll of brand weapon for 123 gold pieces
 79422 | Vaults:2 | Bought a scroll of enchant weapon for 82 gold pieces
 79422 | Vaults:2 | Bought a scroll of teleportation for 33 gold pieces
 79422 | Vaults:2 | Bought a scroll of enchant armour for 82 gold pieces
 79422 | Vaults:2 | Bought a scroll of fear for 44 gold pieces
 79437 | Vaults:2 | Reached skill level 12 in Spellcasting
 79822 | Vaults:2 | HP: 93/201 [death knight/+0 battleaxe (24)]
 79971 | Vaults:2 | Found a staircase to the Crypt.
 80323 | Vaults:2 | Found a portal to a secret trove of treasure.
 80594 | D:7      | Bought a -3 crystal plate armour for 1040 gold pieces
 80837 | Vaults:2 | You paid a toll of a -3 crystal plate armour to enter a
                  | treasure trove
 80838 | Trove    | Entered a treasure trove
 81054 | Vaults:3 | Identified the +1 tower shield "Wouron" {Regen+ MP+9}
 81983 | Vaults:3 | Noticed Boris
 83769 | Vaults:3 | HP: 100/201 [white very ugly thing (16)]
 83770 | Vaults:3 | HP: 9/201 [white very ugly thing (52)]
 84086 | Vaults:3 | Reached skill level 14 in Earth Magic
 84291 | Vaults:3 | Reached XP level 22. HP: 201/210 MP: 23/38
 85547 | Vaults:4 | Reached skill level 15 in Earth Magic
 85637 | Vaults:4 | Found a transporter.
 85644 | Vaults:4 | Noticed a golden dragon
 85644 | Vaults:4 | Noticed Qemeisho's ghost (master DsGl)
 85671 | Vaults:4 | Found a transporter.
 85909 | Vaults:4 | Found Foduym's Jewellery Shoppe.
 87026 | Vaults:4 | Reached skill level 16 in Earth Magic
 87783 | Vaults:4 | Learned a level 8 spell: Lehudib's Crystal Spear
 88597 | Depths:3 | Noticed Frederick
 88693 | Depths:3 | Identified the +7 chain mail "Ycaosu" {rF+ Str+3}
 89259 | Depths:3 | Reached skill level 17 in Earth Magic
 89989 | Depths:3 | Killed Frederick
 91252 | Depths:3 | Noticed a golden dragon
 91285 | Depths:3 | Killed a golden dragon
 91782 | Depths:2 | HP: 95/210 [Vv/flame surge (18)]
 91790 | Depths:2 | HP: 74/210 [Vv (26)]
 91946 | Depths:2 | Killed Vv
 91947 | Depths:2 | Reached skill level 18 in Earth Magic
 93212 | Depths:4 | Entered Level 4 of the Depths
 93221 | Depths:4 | Reached XP level 23. HP: 217/217 MP: 9/39
 93419 | Depths:4 | Noticed a caustic shrike
 93421 | Depths:4 | Noticed a caustic shrike
 93428 | Depths:3 | HP: 102/217 [acid (7)]
 93434 | Depths:3 | HP: 108/217 [spark wasp/living lightning (3)]
 93812 | Depths:4 | Noticed a juggernaut
 93949 | Depths:3 | HP: 99/217 [caustic shrike (19)]
 93965 | Depths:3 | HP: 84/217 [caustic shrike (28)]
 94348 | Depths:2 | Found a burning altar of Makhleb.
 94363 | Depths:2 | Identified the +2 mace "Mauzang" {holy, rCorr}
 94660 | Depths:3 | HP: 103/217 [acid (6)]
 94660 | Depths:3 | Killed a caustic shrike
 94871 | Depths:4 | Noticed a caustic shrike
 94871 | Depths:4 | Noticed a caustic shrike
 94924 | Depths:3 | HP: 99/217 [stone giant (19)]
 94948 | Depths:3 | HP: 105/217 [stone giant (2)]
 94956 | Depths:3 | HP: 105/217 [stone giant (5)]
 95405 | Depths:4 | HP: 106/217 [flayed ghost/flay_damage (33)]
 95499 | Depths:4 | HP: 95/206 [flayed ghost/flay_damage (30)]
 95504 | Depths:3 | HP: 49/207 [flayed ghost/flay_damage (14)]
 95831 | Depths:4 | Reached skill level 19 in Conjurations
 96409 | Depths:4 | HP: 99/217 [juggernaut (37)]
 96554 | Depths:4 | Killed a juggernaut
 96706 | Depths:4 | Reached skill level 19 in Earth Magic
 96784 | Depths:3 | HP: 104/210 [bone dragon (5)]
 96961 | Depths:3 | HP: 88/181 [shadow dragon (6)]
 97306 | Depths:4 | Noticed a caustic shrike
 97306 | Depths:4 | Noticed a caustic shrike
 97728 | D:6      | Bought the +4 rapier of Jyepizov {vorpal, rElec rPois SInv}
                  | for 629 gold pieces
 97977 | Crypt:1  | Entered Level 1 of the Crypt
 99852 | Crypt:2  | Noticed Sojobo
 99855 | Crypt:2  | Noticed Margery
101125 | Crypt:2  | Killed Margery
101936 | Crypt:2  | Paralysed by an air elemental for 1 turns
101945 | Crypt:2  | Killed Sojobo
102478 | Crypt:1  | Reached skill level 20 in Conjurations
103199 | Crypt:3  | Entered Level 3 of the Crypt
104282 | Crypt:3  | HP: 103/217 [vampire knight/+1 great sword (26)]
104507 | Crypt:3  | Identified the +1 pair of gloves of Weak Salvation {rC+ rN+
                  | Will+}
104920 | Crypt:3  | Found a staircase to the Tomb.
105171 | Crypt:3  | Reached XP level 24. HP: 223/223 MP: 5/39
105354 | Crypt:3  | Reached skill level 20 in Earth Magic
109251 | Crypt:3  | Got Taqe's Papyrus of Enchanting Blight
109315 | Crypt:3  | HP: 96/216 [flayed ghost/flay_damage (30)]
109467 | Crypt:3  | Identified the +0 sling of Righteous Fury {flame, rF+ Will+
                  | Int+4}
110025 | Crypt:3  | Identified the +6 whip "Pass" {vorpal, rF++ Int+4}
110349 | Depths:1 | Bought the ring of Reibue {Drain rElec Str+6 Int+8 Stlth+}
                  | for 832 gold pieces
110647 | Vaults:2 | Bought the ring "Fifeon" {rC+ Dex+4 Stlth+} for 734 gold
                  | pieces
110848 | D:6      | Bought the +7 war axe "Ojuobu" {flame, rC+ Will+ Int+2} for
                  | 716 gold pieces
111010 | Depths:1 | Learned a level 6 spell: Dispersal
111019 | Depths:1 | Learned a level 8 spell: Ignition
111052 | Depths:1 | Bought a book of Dangerous Friends for 640 gold pieces
111134 | Depths:4 | Reached skill level 21 in Conjurations
111222 | Depths:4 | Reached skill level 1 in Summonings
111648 | Depths:4 | Reached skill level 2 in Summonings
112000 | Depths:4 | Reached skill level 3 in Summonings
112179 | Depths:1 | Bought the ring of Hifu Atyrch {rN+ Int+4} for 460 gold
                  | pieces
112445 | Depths:4 | Found Gozag's Platinum Reserve.
112445 | Depths:4 | Found an opulent altar of Gozag.
112513 | Depths:4 | Found a gate to the Realm of Zot.
112549 | Depths:4 | Found a runed translucent door.
112549 | Depths:4 | Noticed Ryaff's ghost (adept FeVM)
112874 | Depths:3 | Learned a level 7 spell: Spellforged Servitor
112922 | Depths:4 | Killed Ryaff's ghost
113099 | Depths:4 | Identified the +4 hand axe of Putrescence {drain, rCorr
                  | Str+4 Dex+5}
113481 | Slime:1  | Entered Level 1 of the Pits of Slime
113583 | Slime:1  | Gained mutation: You are dopey. (Int -2) [a shining eye]
114087 | Vaults:5 | Entered Level 5 of the Vaults
114092 | Vaults:5 | Reached skill level 4 in Summonings
114311 | Vaults:5 | Reached skill level 11 in Translocations
114454 | Vaults:5 | Reached skill level 21 in Earth Magic
114581 | Vaults:5 | Identified the +3 plate armour "Buuliz" {Int+3 SInv}
114589 | Vaults:5 | Got a silver rune of Zot
114599 | Vaults:5 | Reached skill level 5 in Summonings
115405 | Vaults:5 | Noticed Jory
115715 | Vaults:4 | Killed Jory
115858 | Vaults:5 | Reached skill level 6 in Summonings
116534 | Vaults:5 | Reached skill level 12 in Translocations
116770 | Vaults:5 | Reached skill level 13 in Spellcasting
116949 | Vaults:5 | Noticed a dread lich
116957 | Vaults:5 | Paralysed by a dread lich for 5 turns
116961 | Vaults:5 | Noticed an ancient lich
117292 | Vaults:5 | HP: 109/225 [frost giant/bolt of cold (39)]
117295 | Vaults:5 | HP: 45/225 [ancient lich/bolt of acid (60)]
117945 | Vaults:5 | Gained mutation: You regenerate health from kills. [demonic
                  | ancestry]
117945 | Vaults:5 | Reached XP level 25. HP: 225/232 MP: 16/40
118106 | Vaults:5 | Killed a dread lich
118511 | Vaults:5 | Reached skill level 7 in Summonings
118816 | Vaults:5 | Identified the +2 robe of Hangman {Str+4}
118875 | Vaults:5 | Identified the +1 scale mail of the Weaver {rCorr}
119250 | Vaults:5 | Killed an ancient lich
119347 | Vaults:5 | Found the +1 robe of Vines {NoPotionHeal Regen++++}
119736 | Zot:1    | Entered Level 1 of the Realm of Zot
119899 | Zot:1    | Reached skill level 13 in Translocations
120523 | Zot:1    | Reached skill level 16 in Fire Magic
120664 | Zot:1    | Noticed an orb of fire
120668 | Zot:1    | Gained mutation: Your flesh is heat resistant. (rF+) [an
                  | orb of fire]
120688 | Zot:1    | Killed an orb of fire
121174 | Zot:1    | Noticed an orb of fire
121435 | Zot:1    | Reached skill level 8 in Summonings
122235 | Zot:1    | Killed an orb of fire
122465 | Zot:1    | Identified the +3 dagger of Superiority {drain, Fragile
                  | rC++ Int-3 Stlth+}
122466 | Zot:1    | Got the Precepts of The Black Sun
122553 | Zot:2    | Reached skill level 14 in Translocations
123049 | Zot:2    | Reached skill level 14 in Spellcasting
123531 | Zot:2    | HP: 92/232 [??? (59)]
123678 | Zot:2    | Reached skill level 9 in Summonings
124524 | Zot:2    | Reached skill level 17 in Fire Magic
125623 | Zot:3    | Reached skill level 15 in Translocations
126198 | Zot:3    | Reached skill level 10 in Summonings
126872 | Zot:3    | Gained mutation: You are extremely robust. (+30% HP)
                  | [demonic ancestry]
126872 | Zot:3    | Reached XP level 26. HP: 232/261 MP: 33/41
127233 | Zot:3    | Found a huge runed gate.
127234 | Zot:3    | Found a huge runed gate.
127234 | Zot:3    | Found a huge runed gate.
127234 | Zot:3    | Found a huge runed gate.
127235 | Zot:3    | Found a huge runed gate.
127235 | Zot:3    | Found a huge runed gate.
127235 | Zot:3    | Found a huge runed gate.
127237 | Zot:3    | Found a huge runed gate.
127237 | Zot:3    | Found a huge runed gate.
127242 | Zot:3    | Found a huge runed gate.
127242 | Zot:3    | Found a huge runed gate.
127242 | Zot:3    | Found a huge runed gate.
127242 | Zot:3    | Found a huge runed gate.
127242 | Zot:3    | Found a huge runed gate.
127242 | Zot:3    | Found a huge runed gate.
127243 | Zot:3    | Found a huge runed gate.
127244 | Zot:3    | Found a huge runed gate.
127256 | Zot:3    | Found a huge runed gate.
127357 | Zot:3    | Found a huge runed gate.
127357 | Zot:3    | Found a huge runed gate.
127357 | Zot:3    | Found a huge runed gate.
127358 | Zot:3    | Found a huge runed gate.
127358 | Zot:3    | Found a huge runed gate.
127358 | Zot:3    | Found a huge runed gate.
127359 | Zot:3    | Found a huge runed gate.
127360 | Zot:3    | Found a huge runed gate.
127361 | Zot:3    | Found a huge runed gate.
127369 | Zot:3    | Found a huge runed gate.
127369 | Zot:3    | Found a huge runed gate.
127369 | Zot:3    | Found a huge runed gate.
127369 | Zot:3    | Found a huge runed gate.
127369 | Zot:3    | Found a huge runed gate.
127369 | Zot:3    | Found a huge runed gate.
127370 | Zot:3    | Found a huge runed gate.
127464 | Zot:3    | Found a huge runed gate.
127465 | Zot:3    | Found a huge runed gate.
127617 | Zot:4    | Found the +4 dragonskin cloak
127617 | Zot:4    | Noticed Tiamat
127906 | Zot:4    | HP: 188/391 [green draconian/+0 halberd of distortion[a
                  | purple draconian shifter] (9)]
127911 | Zot:4    | HP: 179/391 [poisoned by a yellow draconian annihilator
                  | (poison arrow)]
127913 | Zot:4    | Reached skill level 18 in Fire Magic
127915 | Zot:4    | HP: 79/261 [poisoned by a yellow draconian annihilator
                  | (poison arrow)]
127916 | Zot:4    | HP: 34/261 [purple draconian/bolt of dispelling
                  | energy[Tiamat] (19)]
127920 | Zot:4    | Killed from afar by a red draconian scorcher

Illustrated notes

Levels and vault maps discovered:
D:1:      nicolae_arrival_kraken_aquarium_b, layout_rooms,
          hellmonk_ecumenical_altar_crossroads, hangedman_decor_points
D:2:      layout_basic, basic_altar, kennysheep_generic_room_14
D:3:      layout_basic, gammafunk_ghost_gnarly_gnolls, kennysheep_cross_room
D:4:      layout_loops_corners, fedhas_ov_isle_minmay, uniq_crazy_yiuf_cottage
D:5:      layout_gridville, lemuel_doored_altar,
          mainiacjoe_overflow_small_starburst, minmay_door_square,
          minmay_a_box_with_orc_wizards_in_it
D:6:      layout_loops_cross, minmay_temple_entry_stoned_glass, serial_shops,
          nicolae_shop_bloodbath_and_beyond, shop_fountains,
          kennysheep_decorative_pillar
D:7:      statuecave_lemuel, layout_loops_cross, minivault_27,
          minmay_shop_damaged, st_stairs_14, grunt_tough_drop
D:8:      layout_basic, grunt_temple_overflow_open, serial_shops, shop,
          nrook_mini_backslash, minmay_diamond_spiral
D:9:      layout_cave_pods, david_lair_generic, grunt_decor_mini_mirrors,
          kennysheep_boxes, uniq_grum
D:10:     layout_cross, lightli_temple_of_fire, erik_orc_2,
          kennysheep_crisscross, chequers_big_river, uniq_joseph
D:11:     layout_basic, serial_shops,
          nicolae_shop_temple_entry_statues_fountains
D:12:     layout_rooms, lightli_minifort, uniq_psyche
D:13:     layout_gridville, muffindrake_ghost_dual_entry, grunt_ministairs_6
D:14:     layout_loops_ring, david_vaults_4, minmay_misc_feat_cross, uniq_snorg
D:15:     hangedman_depths_entry_civil_slaughter, layout_cave_pools,
          nicolae_concentric_dashed_squares_mild, uniq_agnes
Lair:1:   layout_roguey
Lair:2:   layout_big_grid, guppyfry_snake_entry_garden,
          ebering_ghost_inner_flame, infiniplex_staircase_pool_2,
          grunt_megastairs_1
Lair:3:   layout_cave_shapes, minmay_shoals_entry_centaurs, worms_lemuel,
          uniq_prince_ribbit2, uniq_sonja
Lair:4:   layout_regular_city
Lair:5:   hellmonk_lair_end_abyssal_woods, layout_misc_corridors, slime_entry_2
Shoals:1: nicolae_shoals_lighthouse, layout_shoals, serial_shops,
          nicolae_square_shop, nicolae_take_the_stairs,
          nicolae_shoals_goliath_grotto, uniq_kirke
Shoals:2: layout_shoals, kb_tengu_band
Shoals:3: layout_shoals, uniq_mara
Shoals:4: shoals_end_hangedman, layout_shoals, uniq_polyphemus
Snake:1:  nicolae_snakescales, layout_rooms, serial_bayou_pond_e, uniq_aizul
Snake:2:  layout_chambers, nicolae_snake_guarding_the_ruins
Snake:3:  layout_grid_shapes, basic_altar, grunt_megastairs_5, minmay_shoptagon
Snake:4:  snake_pit, layout_rooms
Slime:1:  layout_caves
Orc:1:    layout_caves
Orc:2:    pubby_orc_utopia
Elf:1:    minmay_elf_arrival_summoners, layout_loops_ring, serial_shops,
          nicolae_shop_hallway_stairs, lightli_enter_wizlab_magi_temple,
          minmay_elf_annihilation, hellmonk_bongcloud_opening,
          lemuel_upstairs_altar, uniq_frances
Elf:2:    elven_hall_of_blades_hangedman_original
          [nicolae_blade_entry_crossed_weapons], layout_gridlike
Elf:3:    minmay_elf_hall, layout_onion_city, moated_statue,
          hangedman_elf_simple_split, elves_outpost_lemuel
Vaults:1: gammafunk_ghost_split, v_misc_31, v_alt_pattern_6,
          grunt_vaults_twisty, hangedman_vaults_maws,
          hangedman_vaults_river_flow, ontoclasm_vaults_eye,
          nicolae_vaults_hallways_thing, nicolae_vaults_shelves_hall,
          nicolae_vaults_ring_of_whatevers, ontoclasm_vaults_hangar,
          vaults_room_door_ring, layout_vaults_ring
Vaults:2: v_alt_pattern_1, st_octagons_1, blue_anna_dwarven_crypt,
          grunt_vaults_bifocal, vaults_dpeg_ring,
          nicolae_vaults_diagonal_hallway_8, ontoclasm_vaults_chip,
          layout_vaults_omnigrid, serial_shops, nicolae_shop_window_shopping,
          nicolae_shop_waterfront, nicolae_shop_hallway_stairs,
          nicolae_trove_entry_crossroad, uniq_mennas
Vaults:3: v_misc_16, v_misc_27, nicolae_vaults_specimen_jars,
          vaults_room_stairs_pillars, v_misc_10, v_misc_10,
          hangedman_vaults_trim, grunt_vaults_diagonal, vaults_mumra_hexcomb,
          layout_vaults_big_room, uniq_boris
Vaults:4: nzn_ghost_randoct, v_pattern_5, grunt_vaults_trifunnel,
          grunt_vaults_focal, v_rooms_5, nicolae_vaults_network_s,
          dpeg_vaults_monster_box, v_misc_12, vaults_room_stairs_pillars,
          vaults_room_door_ring, grunt_vaults_hallway_long,
          nicolae_vaults_little_squares_3, ontoclasm_vaults_tryst,
          nicolae_vaults_angled_halls, vaults_dpeg_encased_lava,
          hangedman_vaults_impose, layout_vaults_omnibox, serial_shops, shop
Vaults:5: uniq_jory
Crypt:1:  layout_basic, grunt_ministairs_3, minmay_misc_feat_pillars
Crypt:2:  layout_chaotic_city, uniq_margery, uniq_sojobo
Crypt:3:  due_elkab, layout_chaotic_city
Depths:1: layout_roguey, enter_ziggurat_c, hell_entry,
          nzn_hepliaklqana_mist_gate, minmay_shop_enchanted_jewellery,
          kennysheep_kite_vault, minmay_shop_grove, uniq_enchantress
Depths:2: evilmike_makhleb_hellhole, layout_honeycomb, pan_entry,
          grunt_hell_entry_dis_old, uniq_grunn, uniq_asterion, uniq_vv
Depths:3: hangedman_cross_cluster, layout_cave_pools,
          minmay_misc_feat_secret_circle, abyss_entry, serial_sigils,
          serial_sigils_hangedman_gnaw, serial_sigils_hangedman_etch,
          serial_sigils_hangedman_scratch, serial_sigils_hangedman_shear,
          pf_coc_iceberg, uniq_frederick
Depths:4: grunt_twist_and_shout, layout_cave_pools, gammafunk_ghost_grave,
          pf_hell_entry_tar_river, reono_crystal_passage, fountainhead,
          nicolae_gozag_zags_fifth_avenue
Zot:1:    dreamdust_black_sun_cult, layout_cellular_growth,
          guppyfry_library_mini, grunt_megastairs_4
Zot:2:    layout_gridville, grunt_megastairs_2
Zot:3:    layout_cathedral_of_symmetry, not_door_vault_due
Zot:4:    gammafunk_dig_for_victory, layout_gridlike, bh_zot_ikea_curve,
          uniq_parghit, uniq_tiamat

Skill      XL: |  1  2  3  4  5  6  7  8  9 10 11 12 13 14 15 16 17 18 19 20 21 22 23 24 25 26 |
---------------+-------------------------------------------------------------------------------+-----
Long Blades    | 3 4 5 6 7 9 10 | 10.0
Armour         | 1 2 3 4 5 6 8 10 11 | 11.1
Fire Magic     | 3 4 5 8 10 12 15 17 18 | 18.0
Spellcasting   | 3 5 6 9 10 11 12 13 14 | 14.9
Shields        | 2 5 6 9 10 11 | 11.1
Conjurations   | 7 9 10 15 17 18 20 21 | 21.0
Dodging        | 1 5 7 10 | 10.0
Stealth        | 1 6 |  6.0
Fighting       | 7 9 14 15 | 15.0
Earth Magic    | 4 10 12 13 14 18 19 21 | 21.0
Translocations | 3 8 10 12 15 | 15.0
Summonings     | 6 10 | 10.5

Action                   |  1- 3 |  4- 6 |  7- 9 | 10-12 | 13-15 | 16-18 | 19-21 | 22-24 | 25-27 || total
-------------------------+-------+-------+-------+-------+-------+-------+-------+-------+-------++-------
Melee: Falchion          |   143 |   150 |    19 |    18 |     6 |       |       |       |       ||   336
       Punch             |     3 |       |     3 |       |       |       |       |       |       ||     6
       Tailslap          |       |     7 |    51 |    84 |   127 |   205 |   320 |   367 |    41 ||  1202
       Short sword       |       |    28 |    85 |       |       |       |   157 |   167 |       ||   437
       Dagger            |       |       |   321 |   428 |   785 |   714 |   573 |       |       ||  2821
       Long sword        |       |       |       |       |     7 |       |    21 |       |       ||    28
       Quick blade       |       |       |       |       |       |       |   450 |   859 |   165 ||  1474
       Rapier            |       |       |       |       |       |       |       |   280 |    19 ||   299
       Double sword      |       |       |       |       |       |       |       |    31 |       ||    31
       War axe           |       |       |       |       |       |       |       |    11 |     5 ||    16
 Fire: Sling             |       |       |       |       |       |       |       |     5 |       ||     5
 Cast: Scorch            |       |    11 |    80 |   341 |   576 |   790 |   444 |   159 |       ||  2401
       Sticky Flame      |       |       |       |    21 |   190 |   115 |   115 |    43 |       ||   484
       Flame Wave        |       |       |       |       |     1 |    26 |    11 |       |       ||    38
       Lee's Rapid Decon |       |       |       |       |    12 |    38 |   258 |   167 |       ||   475
       Mephitic Cloud    |       |       |       |       |       |    75 |    75 |    39 |       ||   189
       Iskenderun's Myst |       |       |       |       |       |     3 |    17 |    11 |       ||    31
       Fireball          |       |       |       |       |       |       |   102 |    73 |       ||   175
       Starburst         |       |       |       |       |       |       |    86 |   472 |       ||   558
       Passage of Golubr |       |       |       |       |       |       |     1 |     2 |     1 ||     4
       Lehudib's Crystal |       |       |       |       |       |       |       |   102 |   166 ||   268
       Spellforged Servi |       |       |       |       |       |       |       |     8 |    44 ||    52
       Dispersal         |       |       |       |       |       |       |       |       |     3 ||     3
Evoke: Wand              |       |       |       |     1 |    22 |     9 |    12 |    27 |     1 ||    72
       Phantom mirror    |       |       |       |       |     1 |     1 |     3 |     2 |       ||     7
       Lightning rod     |       |       |       |       |       |     2 |     8 |     4 |       ||    14
       Condenser vane    |       |       |       |       |       |       |     2 |     1 |       ||     3
       Phial of floods   |       |       |       |       |       |       |     1 |       |       ||     1
  Use: Scroll            |       |       |       |       |    23 |    22 |    11 |    24 |     8 ||    88
       Potion            |       |       |       |       |     2 |     2 |     6 |     4 |     4 ||    18
 Stab: Paralysed         |       |    14 |    65 |   152 |   279 |   283 |   222 |   209 |    13 ||  1237
       Sleeping          |       |       |       |       |     1 |       |     3 |     2 |       ||     6
       Confused          |       |       |       |       |       |    13 |    22 |    17 |       ||    52
       Invisible         |       |       |       |       |       |       |     2 |     8 |       ||    10
       Distracted        |       |       |       |       |       |       |     1 |     2 |     1 ||     4
Armor: Robe              |    12 |       |       |       |       |       |       |       |       ||    12
       Ring mail         |    37 |    79 |   159 |   204 |   251 |    11 |   504 |    54 |       ||  1299
       Ice dragon scales |       |       |       |       |   215 |   628 |   146 |   610 |       ||  1599
       Skin              |       |       |       |       |     6 |       |       |       |       ||     6
       Fire dragon scale |       |       |       |       |       |       |       |   106 |   163 ||   269
Dodge: Dodged            |    85 |    93 |   153 |   225 |   407 |   424 |   686 |   767 |   130 ||  2970
Block: Buckler           |       |       |    50 |   154 |   372 |   377 |   373 |   465 |    75 ||  1866

Table legend: (Time is in decaauts)
 A = Elapsed time spent in this place.
 B = Non-inter-level travel time spent in this place.
 C = Inter-level travel time spent in this place.
 D = Time resting spent in this place.
 E = Time spent auto-exploring this place.
 F = Levels seen in this place.
 G = Mean time per level.
                   A        B        C        D        E       F      G
               +--------+--------+--------+--------+--------+-----+--------+
         Total | 126620 | 114916 |  11704 |  33474 |  58715 |  52 | 2435.0 |
       Dungeon |  23668 |  19825 |   3843 |   3450 |  12550 |  15 | 1577.9 |
          Lair |  10963 |   9933 |   1030 |   1762 |   6362 |   5 | 2192.6 |
        Shoals |   9874 |   9452 |    422 |   1420 |   5762 |   4 | 2468.5 |
     Snake Pit |   9715 |   9272 |    443 |   3343 |   4176 |   4 | 2428.8 |
    Slime Pits |     12 |     12 |      0 |      0 |      0 |   1 |   12.0 |
  Orcish Mines |   5246 |   5031 |    215 |   1103 |   2812 |   2 | 2623.0 |
   Elven Halls |   7893 |   7532 |    361 |   2767 |   2953 |   3 | 2631.0 |
        Vaults |  18373 |  15823 |   2550 |   3789 |   9182 |   5 | 3674.6 |
         Crypt |  11872 |  11129 |    743 |   4710 |   4203 |   3 | 3957.3 |
        Depths |  18412 |  16574 |   1838 |   7524 |   5730 |   4 | 4603.0 |
           Zot |   7749 |   7495 |    254 |   1713 |   4741 |   4 | 1937.2 |
         Trove |     62 |     62 |      0 |      0 |      2 |   1 |   62.0 |
        Wizlab |   2774 |   2774 |      0 |   1889 |    240 |   1 | 2774.0 |
               +--------+--------+--------+--------+--------+-----+--------+

Top non-repeatable levels by time:
Depths:3: 6754 daAuts
Vaults:4: 5220 daAuts
Depths:1: 5091 daAuts
 Crypt:3: 4637 daAuts
Depths:2: 4415 daAuts
 Snake:3: 4328 daAuts
  Lair:5: 4108 daAuts
 Crypt:2: 4081 daAuts
   Orc:2: 4069 daAuts
Vaults:2: 3862 daAuts
Shoals:1: 3590 daAuts
Vaults:1: 3355 daAuts
Vaults:5: 3348 daAuts
    D:14: 3345 daAuts
   Elf:3: 3282 daAuts
